Cogmind - Beta 16.1 @@@ ROGUE MODE // 2026.04.04 @ 01:23:11 Player: McSaucyNugget Result: Escaped singularity! Performance ------------- Evolutions (9) 4500 Regions Visited (30) 6000 Robots Destroyed (543) 2715 Value Destroyed (26201) 26201 Prototype IDs (115) 2300 Alien Tech Used (15) 3000 Bonus (62510) 62510 TOTAL SCORE: 107226 Bonus ------- Triggered High Security 500 Triggered Max Security 2000 High Alert Combat Kills 7962 Follower Combat Kills 2024 Network Hubs Disabled 400 Registered with UFD 300 Met Optimus in HQ 500 Met Imprinter 300 Met Zhirov 300 Built Enhanced Grunts 300 A7 Reached Mainframe 300 Met R17 at Cetus 500 Used Core Reset Matrix 3000 Met R17 at Research 2000 Scanned by Researcher 500 Integrated Exoskeleton 5000 Destroyed MAIN.C Guards 500 Met MAIN.C 5000 Destroyed MAIN.C Shell 5000 Destroyed MAIN.C 10000 Met Architect 300 Destroyed Architect 15000 Win 3000 Friendly Fire -2176 Cogmind --------- Core Integrity 113/1600 Matter 262/300 Energy 338/340 System Corruption 0% +Membrane Temperature Cool (0) +ITN Movement Walking (30) Location Near Former Tau Ceti IV Parts ------- > --- POWER (1) -------- Zero-point Reactor > --- PROPULSION (3) --- Sigix Exoskeleton > --- UTILITY (4) ------ Experimental Cooling System Experimental Core Analyzer Experimental Force Field > --- WEAPON (3) ------- Sigix Sheargun Core Cannon > --- INVENTORY (9) ---- Zero-point Reactor Experimental Core Analyzer Advanced Weapon Cycler Advanced Force Field Spacefold Activator Sigix Sheargun Sigix Sheargun Enhanced Gamma Bomb Array Peak State ------------ > --- POWER ------------ Quantum Reactor Light Quantum Reactor Improved Quantum Reactor > --- PROPULSION ------- Experimental Biometal Heavy Treads High-density Centrium Heavy Treads High-density Centrium Heavy Treads > --- UTILITY ---------- Experimental Cooling System Huge Storage Unit Experimental Core Analyzer SHELL Armor AEGIS Remote Shield A0-MCA's Component Scanner Spacefold Activator > --- WEAPON ----------- Enhanced Quantum Rifle Improved Potential Cannon Sigix Broadsword > --- INVENTORY -------- Particle Reactor Light Quantum Reactor Advanced Heavy Siege Treads Advanced Heavy Siege Treads Experimental Cooling System Advanced Energy Well Advanced Energy Well Advanced Matter Compressor Long-range IFF Parser Experimental Core Analyzer Advanced Transmission Jammer Experimental EM Shield Experimental Force Field High-powered Tractor Beam Transdimensional Reconstructor Subatomic Replicator Enhanced Nova Cannon Cooled Nova Cannon Core Cannon Perforator Enhanced Gamma Bomb Array [Rating: 257] Favorites ----------- Power Cold Fusion Reactor Engine Improved Ion Engine Power Core Light Neutrino Core Reactor Cold Fusion Reactor Propulsion Advanced Treads Treads Advanced Treads Leg Sigix Exoskeleton Wheel Armored Huge Wheel Hover Unit Aerolev Unit Utility Huge Storage Unit Device Experimental Heat Sink Storage Huge Storage Unit Processor A0-MCA's Component Scanner Hackware Hacking Suite Protection SHELL Armor Artifact Spacefold Activator Weapon Enhanced Autogun Energy Gun Sigix Sheargun Energy Cannon Heavy Plasma Cannon Ballistic Gun Enhanced Autogun Ballistic Cannon Bore Cannon Launcher Tesla Bomb Launcher Special Weapon CPS Tube Impact Weapon Core Stripper Slashing Weapon Sigix Broadsword Build | -11 -10 -10 -9 -8 -8 -8 -8 -6 -6 -6 -6 -5 -5 -5 -5 -5 -5 -4 -4 -4 -4 -3 -3 -3 -2 -2 -2 -1 -1 -1 ------- Run | Yrd Mat Min Mat Mat Sto Rec Scr Fac Low Low Zio Pro Fac Ext Cet Arc Hub Fac Upp Upp Zhi Pro Res Tes Res Qua Sec Acc Com Ac0 Slots Evolved 18 | . . . 2 2 . . . 4 . . . . 2 . . . . 2 . . . . 2 . 2 . . 2 . . Power 2 | . . . . . . . . 1 . . . . . . . . . . . . . . . . 1 . . . . . Propulsion 4 | . . . 1 1 . . . . . . . . . . . . . 2 . . . . . . . . . . . . Utility 8 | . . . 1 1 . . . 1 . . . . 2 . . . . . . . . . 1 . 1 . . 1 . . Weapon 4 | . . . . . . . . 2 . . . . . . . . . . . . . . 1 . . . . 1 . . Parts Attached 226 | 7 3 1 9 12 17 . 5 13 . 2 1 . 6 9 10 2 5 20 3 5 . . 7 26 14 12 19 14 4 . Power 35 | 1 1 . 2 1 2 . . 1 . . . . . 2 2 1 1 3 1 . . . 1 4 4 3 4 . 1 . Engine 7 | 1 1 . 2 1 . . . 1 . . . . . 1 . . . . . . . . . . . . . . . . Core 4 | . . . . . . . . . . . . . . 1 . . . 1 1 . . . . 1 . . . . . . Reactor 24 | . . . . . 2 . . . . . . . . . 2 1 1 2 . . . . 1 3 4 3 4 . 1 . Propulsion 47 | 2 . . 3 4 6 . 5 2 . . 1 . . 3 2 . 1 6 . 2 . . 1 2 2 4 1 . . . Treads 42 | 2 . . 3 4 5 . 5 1 . . 1 . . 3 2 . 1 3 . 2 . . 1 2 2 4 1 . . . Leg . | . . . . . . . . . . . . . . . . . . . . . . . . . . . . . . . Wheel 4 | . . . . . . . . 1 . . . . . . . . . 3 . . . . . . . . . . . . Hover 1 | . . . . . 1 . . . . . . . . . . . . . . . . . . . . . . . . . Flight . | . . . . . . . . . . . . . . . . . . . . . . . . . . . . . . . Utility 82 | 1 2 . 2 5 4 . . 7 . 1 . . 5 2 2 . 1 7 2 2 . . 5 4 3 2 9 13 3 . Device 38 | . . . 1 2 1 . . 4 . . . . 2 . 1 . 1 3 2 . . . 3 2 1 2 5 6 2 . Storage 10 | 1 2 . . . . . . . . . . . . . . . . . . . . . 2 1 . . . 4 . . Processor 11 | . . . . 1 . . . 1 . . . . 1 . . . . . . . . . . . 1 . 3 3 1 . Hackware 5 | . . . . . 1 . . . . . . . 1 1 . . . 1 . . . . . . 1 . . . . . Protection 17 | . . . 1 2 2 . . 2 . 1 . . 1 1 1 . . 3 . 2 . . . 1 . . . . . . Artifact 1 | . . . . . . . . . . . . . . . . . . . . . . . . . . . 1 . . . Weapon 62 | 3 . 1 2 2 5 . . 3 . 1 . . 1 2 4 1 2 4 . 1 . . . 16 5 3 5 1 . . Energy Gun 12 | 1 . . . . . . . 1 . . . . . . . . . . . . . . . 5 2 . 2 1 . . Energy Cannon 8 | . . . 1 . . . . 1 . . . . . . . . . 1 . . . . . 3 . . 2 . . . Ballistic Gun 29 | 2 . . . 2 4 . . 1 . . . . 1 2 2 1 1 3 . 1 . . . 6 3 . . . . . Ballistic Cannon 3 | . . 1 . . 1 . . . . . . . . . . . . . . . . . . 1 . . . . . . Launcher 6 | . . . 1 . . . . . . 1 . . . . . . 1 . . . . . . 1 . 1 1 . . . Special Weapon 2 | . . . . . . . . . . . . . . . 2 . . . . . . . . . . . . . . . Impact Weapon 1 | . . . . . . . . . . . . . . . . . . . . . . . . . . 1 . . . . Slashing Weapon 1 | . . . . . . . . . . . . . . . . . . . . . . . . . . 1 . . . . Piercing Weapon . | . . . . . . . . . . . . . . . . . . . . . . . . . . . . . . . Special Melee Weapon . | . . . . . . . . . . . . . . . . . . . . . . . . . . . . . . . Unidentified Prototypes 11 | . . . 1 . 6 . . . . . . . . . . . . . . . 1 . . . . 2 . . 1 . Corrupted Parts 2 | . . . . . . . . . . . . . . . . . . 1 . . . . . 1 . . . . . . System Corruption 12 | . . . . . . . . . . . . . . . . . . 2 . . . . . 10 . . . . . . Parts Lost 42 | . 1 . 2 2 . . . 1 . 1 . . . 1 1 . 1 14 . 3 . . 1 7 2 2 2 . 1 . Power 10 | . 1 . . . . . . 1 . . . . . 1 . . 1 2 . . . . . 1 2 1 . . . . Propulsion 7 | . . . 2 . . . . . . . . . . . . . . 3 . . . . . 2 . . . . . . Utility 14 | . . . . 2 . . . . . 1 . . . . 1 . . 4 . 1 . . 1 1 . 1 1 . 1 . Weapon 11 | . . . . . . . . . . . . . . . . . . 5 . 2 . . . 3 . . 1 . . . Highest Loss Streak 9 | . 1 . 1 1 . . . 1 . 1 . . . 1 1 . 1 9 . 2 . . 1 2 1 1 1 . 1 . To Critical Strikes 1 | . . . . . . . . . . . . . . . . . . . . . . . . 1 . . . . . . Average Backups 20 | 2 5 8 20 24 24 25 24 24 24 24 23 24 24 24 23 22 21 22 24 21 22 21 22 21 20 18 18 6 7 7 Power . | . 1 1 2 1 1 1 1 . . . . . . 1 . 1 . . 1 1 1 2 2 1 1 1 1 . . 1 Propulsion 4 | . 2 4 4 7 8 8 6 7 7 7 6 6 6 6 5 3 2 1 2 2 2 2 2 1 1 2 1 . . . Utility 8 | . . . 5 9 8 8 8 9 8 8 9 11 9 9 9 11 12 12 13 11 11 11 11 10 10 6 8 1 3 3 Weapon 6 | . 1 2 7 6 7 8 8 5 7 6 6 5 6 6 7 6 6 7 7 6 7 5 6 6 6 7 5 3 2 2 Tool/Special . | . . . . . . . . . . . . . . . . . . . . . . . . . . . . . . . Unused Backups 97 | . . . 8 12 10 . 7 7 1 1 3 . . 4 8 . . 2 3 3 1 . 1 12 1 3 6 1 1 2 Power 11 | . . . 2 2 1 . . . . . . . . . 1 . . . . . . . 1 1 . . 1 1 . 1 Propulsion 38 | . . . 3 2 7 . 3 5 . . 1 . . 2 6 . . 1 3 2 . . . 1 . . 2 . . . Utility 26 | . . . 1 3 2 . 3 2 1 . 1 . . 1 . . . . . 1 1 . . 6 1 1 1 . . 1 Weapon 20 | . . . 2 5 . . 1 . . 1 1 . . 1 1 . . 1 . . . . . 4 . 2 1 . . . Tool/Special 2 | . . . . . . . . . . . . . . . . . . . . . . . . . . . 1 . 1 . Average Slot Usage (%) 86 | . 81 85 95 96 99 100 97 93 93 93 93 93 93 93 88 88 88 84 94 85 65 84 84 75 76 74 70 73 76 73 Engine 3 | . 10 14 10 9 3 . . 2 6 6 6 6 5 4 . . . . . . . . . . . . . . . . Core 1 | . . . . . . . . . . . . . . . . . . . 8 10 10 10 5 2 4 1 . . . . Reactor 6 | . . . . . 5 9 9 9 6 6 6 6 5 4 9 11 11 9 1 . . . 2 6 7 11 12 9 9 9 Treads 18 | . 28 28 31 34 35 36 36 15 13 13 13 13 11 10 11 11 11 13 10 13 15 15 14 13 13 13 11 . . . Wheel 1 | . . . . . . . . 4 6 6 6 6 5 5 . . . 1 15 3 . . . . . . . . . . Device 11 | . . . 9 9 9 9 9 11 13 13 13 13 15 12 12 17 17 15 11 9 9 10 18 9 8 11 12 19 27 27 Storage 6 | . 14 14 11 9 9 9 9 6 6 6 6 6 5 5 5 5 5 5 5 5 5 5 4 4 4 4 3 . . . Processor 5 | . . . . . . . . 3 6 6 6 6 11 11 11 11 11 10 10 10 10 10 9 9 8 8 7 9 4 9 Hackware 1 | . . . . . 5 9 9 4 . . . . 1 3 3 . . . . . . . . . 3 1 . . . . Protection 5 | . . . 9 15 12 9 8 5 5 6 6 6 5 5 4 5 5 5 8 10 10 10 4 3 4 4 3 . . . Energy Gun 3 | . . . . . . . . . . 1 5 . . . . . . . . . . . . 6 10 7 6 26 26 11 Energy Cannon 1 | . . . 7 1 . . . . . . . 2 3 . . . 1 2 . . . 4 5 1 . 1 4 . . 8 Ballistic Gun 13 | . 28 16 3 7 10 9 7 24 25 24 20 23 19 23 22 23 20 18 21 20 2 13 17 13 9 4 . . . . Ballistic Cannon 2 | . . 11 10 8 6 9 7 . . . . . . . . . . . . . . . . . . . . . . . Peak Build Rating 257 | 6 7 11 24 43 59 58 58 76 75 77 77 77 86 96 136 136 137 159 123 138 134 136 152 193 206 242 257 255 256 254 Average Rating 114 | 4 5 9 19 37 46 58 54 72 74 74 75 76 84 89 119 133 133 146 118 128 115 134 148 171 197 223 238 245 245 253 On Entrance 108 | . 6 6 11 23 41 58 58 48 75 75 75 76 76 86 96 136 132 132 122 118 134 134 133 151 176 206 239 233 252 249 Avg Prop Armor Cover (%) 10 | . . . . . . . . 9 9 9 10 11 11 10 10 . . 8 11 11 . . . 5 . . . . . . Naked Turns 3 | . . . . . . . . . . . . . . . . . . . . . . . . . . . 3 . . . Heaviest Build 224 | 12 87 95 109 113 118 103 103 126 121 125 125 127 132 135 155 155 159 161 137 135 135 143 154 187 204 224 222 66 66 50 Greatest Support 270 | 40 40 40 60 112 112 92 92 88 28 28 28 28 28 28 160 160 160 240 48 230 230 230 230 220 235 270 270 60 60 60 Greatest Overweight (x) 49 | . 2 2 2 1 1 1 1 4 4 4 4 4 4 4 49 . . 8 2 2 . . . 1 . . 1 1 1 . Average Overweight (x) 1 | . . 2 1 . . 1 . 3 4 4 4 4 4 4 2 . . . 2 . . . . . . . . . . . Largest Inventory Capacity 29 | 8 25 25 25 25 25 25 25 25 25 25 25 25 25 25 25 25 25 25 25 25 25 25 25 25 25 25 29 9 9 9 Average Capacity 23 | 6 16 25 25 25 25 25 25 25 25 25 25 25 25 25 25 25 25 25 25 25 25 25 25 25 25 25 24 9 9 9 Most Carried 29 | 4 7 12 25 25 25 25 25 25 25 25 25 25 25 25 25 25 25 25 25 25 25 25 25 25 25 25 29 9 9 8 Average Carried 21 | 2 5 8 20 24 24 25 24 24 24 24 23 24 24 24 24 25 23 23 24 23 24 23 24 24 24 24 22 8 8 7 Final Capacity 25 | 8 25 25 25 25 25 25 25 25 25 25 25 25 25 25 25 25 25 25 25 25 25 25 25 25 25 25 9 9 9 9 Final Carried 25 | 4 7 12 25 24 25 25 25 25 25 23 25 25 25 25 25 25 23 25 24 23 23 25 25 25 25 22 9 9 8 8 Class Distribution -------------------- 22% | Tank 19% | Mutant 18% | Scavenger-Tank 10% | Commander-Mutant 7% | Alien-Sigix 4% | Hacker-Tank 3% | Alien-Tank 3% | Derelict-Tank Dominant Class ---------------- Mutant | -10/Materials Mutant | -10/Mines Mutant | -9/Materials Mutant | -8/Materials Mutant | -8/Storage Commander-Mutant | -8/Recycling Commander-Mutant | -8/Scraptown Tank | -6/Factory Tank | -6/Lower Caves Tank | -6/Lower Caves Tank | -6/Zion Tank | -5/Proximity Caves Derelict-Gunner | -5/Factory Commander-Gunner | -5/Extension Scavenger-Tank | -5/Cetus Scavenger-Tank | -5/Archives Scavenger-Tank | -5/Hub_04(d) Scavenger-Tank | -4/Factory Scavenger-Tank | -4/Upper Caves Scavenger-Tank | -4/Upper Caves Scavenger-Mutant | -4/Zhirov Scavenger-Tank | -3/Proximity Caves Scavenger-Tank | -3/Research Tank | -3/Testing Hacker-Tank | -2/Research Tank | -2/Quarantine Alien-Tank | -2/Section 7 Alien-Sigix | -1/Access Alien-Sigix | -1/Command Alien-Sigix | -1/Access_0 Resources | -11 -10 -10 -9 -8 -8 -8 -8 -6 -6 -6 -6 -5 -5 -5 -5 -5 -5 -4 -4 -4 -4 -3 -3 -3 -2 -2 -2 -1 -1 -1 ----------- Run | Yrd Mat Min Mat Mat Sto Rec Scr Fac Low Low Zio Pro Fac Ext Cet Arc Hub Fac Upp Upp Zhi Pro Res Tes Res Qua Sec Acc Com Ac0 Matter Collected 19458 | 208 159 31 522 552 1370 395 10 1052 472 718 96 312 420 1257 417 304 477 2421 210 308 130 365 275 2561 764 1868 1351 163 268 2 Remotely 2744 | . . . . 121 211 . . 284 . . . . . . . 272 . 923 . . . . . 353 124 456 . . . . Salvage Created 31008 | 55 228 91 1082 480 1861 506 . 1702 281 490 . 356 442 1614 315 338 751 4072 173 533 130 470 286 2907 1526 3520 2520 1836 2275 168 Parts 1408 | 3 15 8 64 37 97 22 . 76 5 20 . 7 25 75 28 24 37 188 7 20 4 25 12 138 56 129 102 99 85 . Haulers Intercepted 22 | . 2 . 4 2 3 1 . 5 . . . . . . . . 2 1 . . . . . . . 1 1 . . . Recyclers Shooed 17 | . . . 2 1 5 . . 1 . . . . . 1 . . . 5 . . . . . . 2 . . . . . Parts Field Recycled . | . . . . . . . . . . . . . . . . . . . . . . . . . . . . . . . Retrieved Matter . | . . . . . . . . . . . . . . . . . . . . . . . . . . . . . . . Parts Self-Destructed 74 | . . . . . . . . . 5 16 . 7 . . . . . . . 17 4 25 . . . . . . . . Prevented 3 | . . . . . . . . . . . . . . . . . . . . 3 . . . . . . . . . . Parts Restored . | . . . . . . . . . . . . . . . . . . . . . . . . . . . . . . . Kills | -11 -10 -10 -9 -8 -8 -8 -8 -6 -6 -6 -6 -5 -5 -5 -5 -5 -5 -4 -4 -4 -4 -3 -3 -3 -2 -2 -2 -1 -1 -1 ------- Run | Yrd Mat Min Mat Mat Sto Rec Scr Fac Low Low Zio Pro Fac Ext Cet Arc Hub Fac Upp Upp Zhi Pro Res Tes Res Qua Sec Acc Com Ac0 Combat Hostiles Destroyed 388 | . 3 . 23 11 24 4 . 19 3 16 . 9 8 20 1 1 7 59 . 8 . 8 3 39 14 48 30 16 13 1 Melee 1 | . . . . . . . . . . . . . . . . . . . . . . . . 1 . . . . . . Guns 218 | . 3 . . 3 13 2 . 19 1 10 . 6 7 20 1 1 6 41 . 6 . 4 2 27 6 18 2 10 10 . Cannons 82 | . . . 19 4 9 2 . . . . . . 1 . . . . . . . . 2 . 7 2 16 19 . . 1 AOE 59 | . . . 4 4 2 . . . 2 6 . 3 . . . . . 15 . 1 . 2 . . 1 8 5 3 3 . Classes Destroyed 29 | 1 2 3 6 1 1 . . 1 . 1 . . . 2 . . . 3 1 . . 1 . 1 . 2 2 1 . . Worker 29 | 2 . 1 1 1 1 . . 3 . . . . . . . . 2 6 . . . . . 2 . 2 3 3 2 . Builder 25 | . . 1 2 . 4 . . . . . . . . . . . 2 7 . . . . 1 3 . 1 . 4 . . Tunneler 6 | . . 1 . 3 . . . . . . . . . . . . 1 . . . . . . . . . . 1 . . Hauler 22 | . 2 . 4 2 3 1 . 5 . . . . . . . . 2 1 . . . . . . . 1 1 . . . Recycler 27 | . . 1 . 1 6 4 . . . . . . 1 3 . . . 3 . . . . . 2 2 . 2 2 . . Mechanic 4 | . . . 1 . . . . . . . . . . . . . . 1 . . . . . . 1 . . 1 . . Operator 15 | . . . 2 . . . . . . . . . . 1 . 7 . . . . . . 1 1 . . . 2 1 . Drone 2 | . . . . . . . . . . . . . . . . . . . . . . 2 . . . . . . . . Watcher 15 | . . . 2 . 1 . . 1 . . . . . . 2 . 1 2 . . . . . 1 1 1 . 1 2 . Swarmer 60 | . . . 6 4 . . . 1 . 4 . 3 5 2 . . . 11 . 2 . . . 5 . 4 5 4 4 . Saboteur 4 | . . . . . . . . . . . . . . . . . . 3 . . . . . 1 . . . . . . Grunt 157 | . 3 . 9 3 14 . . 15 3 6 . 5 1 11 . . 4 20 . 4 . 4 . 13 4 18 10 6 4 . Brawler 8 | . . . . . 1 . . . . . . . . . . . . 5 . . . . . 1 . . 1 . . . Duelist 8 | . . . 1 1 . . . . . . . . . . . . . 1 . . . . . 2 . . 2 1 . . Protector 3 | . . . . . . . . . . . . . . . . . . 2 . . . . . . . . . 1 . . Researcher 5 | . . . . . . . . . . . . . . . . . . . . . . . . 1 . 4 . . . . Sentry 41 | . . . 7 2 7 4 . 1 . 1 . 1 . 2 . 1 1 3 . . . . 2 1 3 3 1 . 1 . Demolisher 1 | . . . . . . . . . . . . . . 1 . . . . . . . . . . . . . . . . Specialist 1 | . . . . . . . . . . . . . . . . . . 1 . . . . . . . . . . . . Hunter 34 | . . . . 1 1 . . 1 . 2 . . 1 1 . . 2 6 . 2 . . 1 5 2 7 . 2 . . Programmer 49 | . . . . . . . . 2 . 1 . . 1 2 . . . 7 . . . 2 . 11 5 12 4 2 . . Heavy 2 | . . . . . . . . . . . . . . . . . . . . . . . . . . . 1 . 1 . Q-Series 4 | . . . . . . . . . . . . . . . . . . . . . . . . . . 3 1 . . . Behemoth 1 | . . . . . . . . . . . . . . 1 . . . . . . . . . . . . . . . . Cetus Guard 1 | . . . . . . . . . . . . . . . 1 . . . . . . . . . . . . . . . S7 Guard 2 | . . . . . . . . . . . . . . . . . . . . . . . . . . . 2 . . . M Shell/Def 1 | . . . . . . . . . . . . . . . . . . . . . . . . . . . . . 1 . Executioner 3 | . . . . . . . . . . . . . . . . . . . . . . . . . . . 3 . . . Fortress 1 | . . . . . . . . . . . . . . . . . . . . . . . . . . 1 . . . . Packrat 2 | . . . . . . . . . 2 . . . . . . . . . . . . . . . . . . . . . Thief 2 | . . . . . . . . . . 2 . . . . . . . . . . . . . . . . . . . . Assembled 1 | . . . . . . . . . . . . . . . . . . . . . . . . . . . . 1 . . Thug 1 | . . . . . . . . . . . . . . 1 . . . . . . . . . . . . . . . . Savage 3 | . . . . . . . . . . . . . . . 2 . . . 1 . . . . . . . . . . . Mutant 1 | . . . . . . . . . . . . . . . . . . . 1 . . . . . . . . . . . Best Kill Streak 18 | 2 2 1 8 5 9 5 . 6 3 4 . 5 5 9 2 7 5 18 . 6 . 5 2 6 6 7 7 18 15 1 Combat Bots Only 18 | . 2 . 8 4 4 1 . 3 3 4 . 5 5 9 1 1 2 18 . 6 . 5 2 6 4 5 5 10 10 1 Max Kills in Single Turn 5 | 1 1 1 3 4 2 1 . 2 1 3 . 1 1 2 2 1 4 5 1 1 . 1 1 2 3 4 4 3 4 1 Gunslinging 1 | . . . . . . . . 1 . . . . . 1 . . . 1 . . . . . 1 . . . . 1 . Exploded 5 | . . . 3 3 1 . . . 1 3 . 1 . . . . . 5 . 1 . 1 . . 1 4 3 2 3 . Melee 1 | . . . . . . . . . . . . . . . . . . . . . . . . 1 . . . . . . Uniques/NPCs Destroyed 5 | . . . . . 1 . . . . . . . . . 1 . . . . . . . . . . . . . 2 1 01-MTF (-8/Storage) A7 (-5/Cetus) MAIN.C Shell (-1/Command) MAIN.C (-1/Command) Architect (-1/Access_0) Combat | -11 -10 -10 -9 -8 -8 -8 -8 -6 -6 -6 -6 -5 -5 -5 -5 -5 -5 -4 -4 -4 -4 -3 -3 -3 -2 -2 -2 -1 -1 -1 -------- Run | Yrd Mat Min Mat Mat Sto Rec Scr Fac Low Low Zio Pro Fac Ext Cet Arc Hub Fac Upp Upp Zhi Pro Res Tes Res Qua Sec Acc Com Ac0 Hostile Shots Fired 2717 | . 30 . 90 44 118 31 . 55 16 66 . 46 37 72 17 16 58 476 . 50 . 19 12 328 73 382 230 101 188 162 Missed 803 | . 6 . 23 15 38 9 . 20 6 19 . 13 10 22 8 4 20 127 . 17 . 6 4 71 21 101 76 46 49 72 Hits 1914 | . 24 . 67 29 80 22 . 35 10 47 . 33 27 50 9 12 38 349 . 33 . 13 8 257 52 281 154 55 139 90 Melee 51 | . . . . 3 . . . . . 4 . . . 4 . . . 11 . . . . . 7 . . 15 1 . 6 Projectile 1863 | . 24 . 67 26 80 22 . 35 10 43 . 33 27 46 9 12 38 338 . 33 . 13 8 250 52 281 139 54 139 84 AOE 4 | . . . . . . . . . . . . . . 1 . . . . . . . . . . . . 3 . . . Critical Strikes 97 | . . . 5 2 3 2 . 1 1 . . . 1 2 1 . . 15 . . . 2 1 14 2 18 11 6 4 6 Part Disruptions 10 | . . . . . . . . . . . . . . . . . . 1 . . . . . 4 1 2 1 1 . . Damage Taken 30575 | . 339 . 837 414 1260 318 . 534 191 683 . 626 391 992 218 153 600 5701 . 572 . 346 204 5045 1035 3944 2912 366 1832 1062 Core 2813 | . 91 . 119 34 67 38 . 73 18 20 . 56 19 74 43 11 20 215 . 50 . . . 267 36 205 268 102 594 393 Absorbed by Shields 10841 | . . . . . . 6 . 41 . . . . . 267 133 161 283 1099 . . . . . 704 637 3022 2522 397 1277 292 Reduced by Siege Mode 454 | . . . . . . . . . . . . . . . . . . 342 . 30 . . . 69 . 13 . . . . Ignored by Resistances 5744 | . . . . . . . . . . . . . . . . . . . . . . . . . . . 508 788 3117 1331 Regen/Repaired (Parts) 6730 | . . . . 146 146 . . . . . 1052 . . . . . . 23 . . . . 71 1597 487 1838 1370 . . . Core Remaining (%) 69 | 100 . 63 70 . . . 74 . . . . 80 . . . . 83 . . . . 76 . 79 . . 63 . . 7 Volleys Fired 1480 | 6 35 3 58 36 104 19 . 64 12 39 . 37 43 62 19 16 40 195 4 13 6 60 24 155 51 134 99 59 74 13 Largest 5 | 2 2 2 2 2 2 2 . 4 4 4 . 4 4 4 4 4 4 4 4 4 2 4 5 5 5 5 3 3 3 1 Hottest 373 | 40 40 48 116 76 76 73 . 165 105 148 . 105 165 116 128 128 183 208 129 123 66 180 213 373 340 270 300 300 300 300 Shots Fired 3618 | 12 70 5 110 63 197 38 . 227 32 129 . 97 94 247 67 64 105 446 18 41 12 102 48 401 90 325 190 165 210 13 Gun 2794 | 12 70 4 16 33 112 19 . 215 27 120 . 80 59 247 63 64 84 332 18 37 12 42 24 335 78 251 74 160 206 . Cannon 737 | . . 1 89 27 82 19 . 12 . . . 14 35 . . . 16 104 . . . 56 24 63 5 62 113 1 1 13 Launcher 83 | . . . 5 3 3 . . . 5 9 . 3 . . . . 5 10 . 4 . 4 . 3 7 12 3 4 3 . Special 4 | . . . . . . . . . . . . . . . 4 . . . . . . . . . . . . . . . Kinetic 2228 | 12 70 5 69 60 194 38 . 215 27 111 . 80 59 247 63 64 84 332 18 37 12 42 24 243 34 81 7 . . . Thermal 931 | . . . 36 . . . . 12 . 9 . 14 35 . . . 16 104 . . . 56 24 155 49 232 174 1 1 13 Explosive 36 | . . . 5 3 3 . . . 5 9 . 3 . . . . . 1 . . . . . . . 6 1 . . . Electromagnetic 47 | . . . . . . . . . . . . . . . . . 5 9 . 4 . 4 . 3 7 6 2 4 3 . Slashing 372 | . . . . . . . . . . . . . . . . . . . . . . . . . . . 6 160 206 . Robot Hit Streak 37 | 4 7 4 9 9 7 10 . 24 6 15 . 13 8 24 15 13 14 14 13 18 16 8 17 22 6 20 14 11 37 10 Robot Miss Streak 10 | 2 4 1 4 3 3 1 . 4 2 5 . 3 3 8 2 2 7 4 1 1 . 4 2 10 3 6 5 5 4 2 Penetration Max 2 | . . . 1 1 2 2 . . . 1 . . . 1 1 1 1 1 . 1 . . . 1 . 1 2 1 1 . Secondary Targets 46 | . 1 . . . . . . 4 . 4 . 4 3 3 . . 1 11 . . . . . 8 1 1 . 2 3 . Max Gunslinging Chain 2 | . 1 . . . . . . 1 . 1 . 1 1 1 . . 1 2 . . . . . 1 1 1 . 1 1 . Shots Hit Robots 1906 | 7 47 4 62 29 103 20 . 139 18 69 . 57 38 141 50 43 52 221 13 30 11 28 21 202 35 196 94 46 121 9 Core Hits 1198 | 4 10 4 41 23 64 10 . 72 14 36 . 24 18 73 22 19 44 159 7 16 2 19 10 125 35 135 75 74 62 1 Critical Kills 85 | . . . 9 3 6 3 . . . . . . . . 2 5 3 14 . . . . 2 12 3 12 11 . . . Critical Parts Destroyed 121 | . . . 11 5 11 5 . 1 . 1 . 1 . 1 . 2 5 24 . . 1 1 2 12 7 20 8 . . 3 Critical Strikes 219 | . . . 20 8 18 9 . 1 . 1 . 1 . 1 2 8 9 38 . . 2 1 4 24 14 32 19 . 1 6 Meltdown 4 | . . . . . . . . . . . . . . . . . . . . . . . 1 . . 1 2 . . . Destroy 214 | . . . 20 8 18 9 . 1 . 1 . 1 . 1 2 8 9 38 . . 2 1 3 24 14 31 17 . . 6 Sever 1 | . . . . . . . . . . . . . . . . . . . . . . . . . . . . . 1 . Melee Attacks 1 | . . . . . . . . . . . . . . . . . . . . . . . . . . 1 . . . . Kinetic 1 | . . . . . . . . . . . . . . . . . . . . . . . . . . 1 . . . . Impact . | . . . . . . . . . . . . . . . . . . . . . . . . . . . . . . . Slashing . | . . . . . . . . . . . . . . . . . . . . . . . . . . . . . . . Piercing . | . . . . . . . . . . . . . . . . . . . . . . . . . . . . . . . Sneak Attacks . | . . . . . . . . . . . . . . . . . . . . . . . . . . . . . . . Combat Hostiles . | . . . . . . . . . . . . . . . . . . . . . . . . . . . . . . . Follow-up Attacks . | . . . . . . . . . . . . . . . . . . . . . . . . . . . . . . . Damage Inflicted 75222 | 58 406 63 1790 1410 2754 617 . 2758 626 2263 . 1524 801 3081 1117 1096 1842 9673 245 841 176 862 465 6144 2142 10100 5305 5311 8152 3600 Guns 47456 | 58 406 26 64 453 1480 229 . 2636 281 1283 . 1036 567 3081 1117 1096 1339 6165 245 631 176 562 273 5467 1114 5265 1187 3514 7705 . Cannons 11737 | . . 23 1467 332 1037 388 . 64 . . . . 234 . . . 31 104 . . . 168 159 259 93 1289 2489 . . 3600 Explosions 15585 | . . . 259 622 224 . . . 345 980 . 488 . . . . 472 3221 . 210 . 132 . 337 935 3536 1588 1797 439 . Melee . | . . . . . . . . . . . . . . . . . . . . . . . . . . . . . . . Ramming 444 | . . 14 . 3 13 . . 58 . . . . . . . . . 183 . . . . 33 81 . 10 41 . 8 . Kinetic 31626 | 58 406 49 1079 785 2517 617 . 2636 281 1099 . 1036 567 3081 1117 1096 1339 6165 245 631 176 562 273 3337 619 1730 125 . . . Thermal 18914 | . . . 452 . . . . 64 . 184 . . 234 . . . 31 1957 . . . 168 159 2389 588 4824 4092 112 60 3600 Explosive 7113 | . . . 259 622 224 . . . 345 980 . 488 . . . . . 455 . . . . . . . 2945 663 132 . . Electromagnetic 5845 | . . . . . . . . . . . . . . . . . 472 913 . 210 . 132 . 337 935 591 323 1553 379 . Impact . | . . . . . . . . . . . . . . . . . . . . . . . . . . . . . . . Slashing 11280 | . . . . . . . . . . . . . . . . . . . . . . . . . . . 61 3514 7705 . Piercing . | . . . . . . . . . . . . . . . . . . . . . . . . . . . . . . . Highest Corruption 35 | . . . . . . . . . . . . . 1 1 1 1 2 12 12 2 2 2 . 35 5 26 6 . . . Average Corruption 6 | . . . . . . . . . . . . . 1 1 1 1 1 6 9 2 2 2 . 16 4 9 6 . . . Corruption Purged 10 | . . . . . . . . . . . . . . . . . . . 10 . . . . . . . . . . . Corruption Blocked . | . . . . . . . . . . . . . . . . . . . . . . . . . . . . . . . Effects 349 | . . . . . . . . . . . . . 2 9 4 2 6 58 20 14 2 9 . 86 15 78 44 . . . Message Errors 87 | . . . . . . . . . . . . . . 1 1 1 2 19 7 3 1 2 . 13 3 21 13 . . . Matter Fused 68 | . . . . . . . . . . . . . 1 2 1 1 1 8 2 5 . 3 . 18 3 12 11 . . . Heat Flow Errors 43 | . . . . . . . . . . . . . . 1 . . 1 7 2 1 1 . . 18 2 7 3 . . . Energy Discharges 38 | . . . . . . . . . . . . . . 2 1 . . 6 4 . . 1 . 6 . 14 4 . . . Parts Rejected 6 | . . . . . . . . . . . . . . . . . . . . . . . . 4 1 1 . . . . Parts Fused 4 | . . . . . . . . . . . . . . . . . . . . 1 . . . . 1 2 . . . . Data Loss (minor) 33 | . . . . . . . . . . . . . 1 . . . . 7 1 3 . 1 . 7 2 5 6 . . . Data Loss (major) 9 | . . . . . . . . . . . . . . 1 . . . 1 . . . . . 2 . 4 1 . . . Misfires 26 | . . . . . . . . . . . . . . . . . 2 4 3 1 . 2 . 6 1 3 4 . . . Alerts 4 | . . . . . . . . . . . . . . 1 1 . . 1 . . . . . . 1 . . . . . Misdirections 3 | . . . . . . . . . . . . . . . . . . . . . . . . 2 . 1 . . . . Weapon Failures 28 | . . . . . . . . . . . . . . 1 . . . 5 1 . . . . 10 1 8 2 . . . Overload Shots . | . . . . . . . . . . . . . . . . . . . . . . . . . . . . . . . Overflow Damage 1738 | . . . 18 30 13 17 . 8 . 39 . 30 . . . . 5 184 . 25 . 10 . 30 14 217 416 97 . 585 Projectiles 799 | . . . 9 8 13 17 . . . . . . . . . . . 15 . . . . . 3 . 12 137 . . 585 Explosions 877 | . . . 9 22 . . . . . 39 . 30 . . . . 5 142 . 25 . 10 . . 14 205 279 97 . . Melee 62 | . . . . . . . . 8 . . . . . . . . . 27 . . . . . 27 . . . . . . Knockbacks 53 | . . . 6 6 11 1 . 1 . . . . . . . . . 2 . . . . . 8 . 11 6 . 1 . Impact 6 | . . . . 1 . . . 1 . . . . . . . . . 2 . . . . . 1 . . . . 1 . Kinetic 45 | . . . 6 5 9 1 . . . . . . . . . . . . . . . . . 7 . 11 6 . . . Secondary 2 | . . . . . 2 . . . . . . . . . . . . . . . . . . . . . . . . . Self-Inflicted Damage 954 | . . . 23 . . . . 29 . . . . . . . . 142 309 . . . 67 . 127 . 40 120 91 6 . Shots 29 | . . . 1 . . . . . . . . . . . . . 3 7 . . . 2 . 4 . 2 7 2 1 . Rammed 18 | . . 1 . 2 2 . . 2 . . . . . . . . . 8 . . . . 1 1 . 1 . . . . Targets Rammed 26 | . . 3 . 2 2 1 . 2 . . . . . . . . . 9 . . . . 1 3 . 1 1 . 1 . Kicked 2 | . . . . . . . . . . . . . . . . . . . . . . . . . . . 1 . 1 . Crushed 6 | . . 2 . . . 1 . . . . . . . . . . . 1 . . . . . 2 . . . . . . Highest Temperature 460 | . 24 8 42 14 16 3 . 220 50 124 . 308 275 137 144 124 104 460 225 124 146 105 72 366 357 273 414 . 105 47 Average Temperature 63 | . 9 6 8 7 9 3 . 39 35 48 . 138 88 37 56 44 30 44 109 34 61 38 31 83 102 44 112 . 83 47 Received Heat Transfer 4701 | . 144 . 381 108 621 97 . 204 78 45 . 171 18 181 30 20 85 948 . 78 . 76 27 484 288 356 145 28 88 . Thermoelectric Energy+ 19 | . . . . . . . . . . . . . . . . . . . . . . . . . . . . . 19 . Effects 3 | . . . . . . . . . . . . . . . . . . . . . . . . . 2 . 1 . . . Shutdowns 1 | . . . . . . . . . . . . . . . . . . . . . . . . . 1 . . . . . Energy Bleed 1 | . . . . . . . . . . . . . . . . . . . . . . . . . . . 1 . . . Interference 1 | . . . . . . . . . . . . . . . . . . . . . . . . . 1 . . . . . Siege Activations 11 | . . . . . . . . . . . . . . . . . . 5 . 1 . . . 4 . 1 . . . . Total Turns 204 | . . . . . . . . . . . . . . . . . . 124 . 21 . . . 45 . 14 . . . . Longest Duration 55 | . . . . . . . . . . . . . . . . . . 55 . 21 . . . 28 . 14 . . . . Martial Activations . | . . . . . . . . . . . . . . . . . . . . . . . . . . . . . . . Shielding Activations . | . . . . . . . . . . . . . . . . . . . . . . . . . . . . . . . Robots Disrupted 1 | . . . . . . . . . . . . . . . . . . 1 . . . . . . . . . . . . Combat Hostiles 1 | . . . . . . . . . . . . . . . . . . 1 . . . . . . . . . . . . Robots Corrupted 24 | . . . . . . . . . . . . . . . . . 1 3 . 1 . . . 3 6 4 2 4 . . Combat Hostiles 22 | . . . . . . . . . . . . . . . . . 1 3 . 1 . . . 3 5 4 2 3 . . Parts Fried 54 | . . . . . . . . . . . . . . . . . 2 6 . 2 . . . 4 8 5 4 21 2 . Impact Corruptions 4 | . . . . . . . . 1 . . . . . . . . . 2 . . . . . 1 . . . . . . Robots Melted 5 | . . . . . . . . . . . . . . . . . . . . . . . 1 1 . 1 2 . . . Combat Hostiles 5 | . . . . . . . . . . . . . . . . . . . . . . . 1 1 . 1 2 . . . Parts Melted 38 | . . . 2 . . . . . . 1 . . 2 3 . . . . . . . . 3 8 1 5 13 . . . Heat Transferred 17211 | . . . 814 . . . . 100 . 259 . . 350 . . . 50 1411 . . . 250 250 3380 621 5782 3794 150 . . Parts Sabotaged 1 | . . . . . . . . . . . . . . . . . . . . . . . . 1 . . . . . . Parts Stolen . | . . . . . . . . . . . . . . . . . . . . . . . . . . . . . . . Parts Stripped 18 | . . . . . . . . . . . . . . . . . . . . . . . . . . 18 . . . . Power Chain Reactions 4 | . . . . . . . . . . . . . . . . . 1 1 . . . . . . . . . 1 1 . Alert | -11 -10 -10 -9 -8 -8 -8 -8 -6 -6 -6 -6 -5 -5 -5 -5 -5 -5 -4 -4 -4 -4 -3 -3 -3 -2 -2 -2 -1 -1 -1 ------- Run | Yrd Mat Min Mat Mat Sto Rec Scr Fac Low Low Zio Pro Fac Ext Cet Arc Hub Fac Upp Upp Zhi Pro Res Tes Res Qua Sec Acc Com Ac0 Maximum Alert Level 5 | . . . 1 . 1 . . . . . . . . 4 3 2 4 5 . . . . 2 3 2 3 5 5 5 . Low Security (%) 46 | 100 100 100 54 100 77 100 . 100 . . . . 100 48 . . 37 . . . . . . 56 15 28 . . . . Level 1 11 | . . . 45 . 22 . . . . . . . . 16 . 16 5 . . . . . 62 18 23 15 . . . . Level 2 11 | . . . . . . . . . . . . . . 8 56 83 32 . . . . . 37 18 60 27 4 . . . Level 3 10 | . . . . . . . . . . . . . . 16 43 . 22 34 . . . . . 6 . 28 25 . . . Level 4 7 | . . . . . . . . . . . . . . 10 . . 2 27 . . . . . . . . 62 10 . . Level 5 8 | . . . . . . . . . . . . . . . . . . 19 . . . . . . . . . . 100 . High Security 1 | . . . . . . . . . . . . . . . . . . 18 . . . . . . . . . . . . Max Security 2 | . . . . . . . . . . . . . . . . . . . . . . . . . . . 7 89 . . Peak Influence 2642 | 5 50 6 321 130 314 158 . 180 . . . . 139 1332 820 497 1505 2122 . . . . 488 857 617 1039 1832 2642 2098 . Initial 1690 | . 3 2 . 130 14 112 . . . . . . 37 33 734 254 159 727 . . . . 488 163 483 9 573 1100 1690 . Average 465 | . 7 . 147 53 139 48 . 72 . . . . 46 382 698 434 461 1358 . . . . 375 272 364 468 1149 2061 1894 . Influence Increases 19040 | 10 129 21 839 368 791 246 . 672 70 350 . 190 240 1750 309 293 1895 2179 . 180 5 150 605 1423 528 1769 1463 1353 904 308 Destroy 0b10 Robot/C 8600 | . 60 . 460 220 460 100 . 420 60 280 . 180 160 780 160 80 440 1140 . 160 . 120 60 800 280 1040 600 300 240 . Destroy 0b10 Robot/NC 780 | 10 10 20 60 35 75 25 . 45 . . . . 5 35 10 35 60 110 . . 5 10 10 45 20 25 30 75 25 . Destroy Leader 1500 | . 14 . 152 54 128 . . 92 10 40 . 10 30 94 . . 76 206 . 20 . 20 30 102 82 154 92 52 42 . Allied During Kill 1432 | . . . . . . 5 . 11 . . . . . 710 130 115 455 . . . . . . . . . . 6 . . Successful Hack 226 | . . . 18 11 10 6 . 33 . . . . . 5 7 . . 20 . . . . 27 38 41 10 . . . . Select Force Hacks 120 | . 30 . . . . 90 . . . . . . . . . . . . . . . . . . . . . . . . Disable Machine 1530 | . . . 45 . 45 15 . 30 . . . . 15 60 . 45 255 240 . . . . . 165 15 150 225 135 75 15 Destroy Structure 3247 | . . 1 89 33 58 5 . 11 . . . . 30 66 2 18 474 388 . . . . 28 198 90 270 276 530 402 278 Advance Influence 450 | . . . . . . . . . . . . . . . . . . . . . . . 450 . . . . . . . Partial Spotted 105 | . 15 . . . . . . . . . . . . . . . 15 30 . . . . . . . . . 30 . 15 Lose Combat Pursuer 1050 | . . . 15 15 15 . . 30 . 30 . . . . . . 120 45 . . . . . 75 . 120 240 225 120 . Influence Decreases 19548 | 5 127 28 530 643 535 536 . 492 250 298 52 130 231 507 986 471 867 1542 1096 618 593 93 371 854 1371 765 998 1013 1042 2504 Entered New Map 9316 | . 2 5 . 179 20 178 . . 67 . 52 . 23 36 578 381 298 758 786 196 588 . 19 128 377 8 448 733 952 2504 Time Decay 7901 | 5 115 23 427 396 515 358 . 347 183 288 . 130 208 341 318 90 200 604 310 392 5 93 342 646 374 561 530 20 80 . Lost Part 410 | . 10 . 10 20 . . . 10 . 10 . . . 10 10 . 10 140 . 30 . . 10 70 20 20 20 . 10 . Lost Ally 705 | . . . . . . . . 135 . . . . . 120 80 . 60 40 . . . . . 10 . . . 260 . . Purge Threat 1216 | . . . 93 48 . . . . . . . . . . . . 299 . . . . . . . 600 176 . . . . Squads Dispatched 128 | . 3 . 3 . 5 . . 7 . . . . 1 5 . . 5 25 . . . . 2 10 5 17 16 23 1 . Investigation 10 | . 1 . . . 3 . . 2 . . . . . 2 . . 1 . . . . . 1 . . . . . . . Extermination 24 | . . . . . . . . 2 . . . . 1 . . . 1 3 . . . . . 5 2 7 3 . . . Reinforcement 32 | . 2 . 3 . 2 . . 3 . . . . . 2 . . 3 3 . . . . 1 4 1 5 . 2 1 . Assault 62 | . . . . . . . . . . . . . . 1 . . . 19 . . . . . 1 2 5 13 21 . . Garrison . | . . . . . . . . . . . . . . . . . . . . . . . . . . . . . . . Intercept . | . . . . . . . . . . . . . . . . . . . . . . . . . . . . . . . Searches Triggered . | . . . . . . . . . . . . . . . . . . . . . . . . . . . . . . . Construction Impeded 8 | . . . 1 . 1 . . . . . . . . . . . . 1 . . . . . 2 1 1 . 1 . . Haulers Reinforced 6 | . . . . . . . . 2 . . . . . . . . 2 . . . . . . 1 . . . 1 . . Active Scanning Responses . | . . . . . . . . . . . . . . . . . . . . . . . . . . . . . . . Cargo Convoy Interrupts . | . . . . . . . . . . . . . . . . . . . . . . . . . . . . . . . Stealth | -11 -10 -10 -9 -8 -8 -8 -8 -6 -6 -6 -6 -5 -5 -5 -5 -5 -5 -4 -4 -4 -4 -3 -3 -3 -2 -2 -2 -1 -1 -1 --------- Run | Yrd Mat Min Mat Mat Sto Rec Scr Fac Low Low Zio Pro Fac Ext Cet Arc Hub Fac Upp Upp Zhi Pro Res Tes Res Qua Sec Acc Com Ac0 Distress Signals 46 | . . . 4 2 3 1 . . . . . . . 2 2 . 3 . . . . 1 4 2 . 1 1 2 18 . Communications Jammed 134 | . . . . . . . . . . . . . 3 . . . 5 62 . . . . . 33 . 17 14 . . . Distress Signals 125 | . . . . . . . . . . . . . 1 . . . 5 62 . . . . . 33 . 17 7 . . . Times Spotted 694 | . 5 . 37 24 31 3 . 24 3 17 . 9 9 41 10 12 25 82 . 8 . 9 7 57 15 77 92 48 31 18 Peak Tracking Total 34 | . 2 . 5 6 3 2 . 3 3 4 . 5 4 5 5 2 12 10 . 6 . 5 2 6 4 6 34 14 14 13 Tactical Retreats 41 | . . . 1 1 3 . . 1 . 4 . . . . . . 2 3 . . . . . 3 . 8 4 7 4 . Traps | -11 -10 -10 -9 -8 -8 -8 -8 -6 -6 -6 -6 -5 -5 -5 -5 -5 -5 -4 -4 -4 -4 -3 -3 -3 -2 -2 -2 -1 -1 -1 ------- Run | Yrd Mat Min Mat Mat Sto Rec Scr Fac Low Low Zio Pro Fac Ext Cet Arc Hub Fac Upp Upp Zhi Pro Res Tes Res Qua Sec Acc Com Ac0 Traps Triggered 24 | . 3 . . . 1 . . 1 . . . . . 2 . . 2 1 . . . . . 4 3 2 . 2 3 . Indirectly 4 | . . . . . . . . . . . . . . . . . . . . . . . . . 2 . . . 2 . Trap Hack Attempts . | . . . . . . . . . . . . . . . . . . . . . . . . . . . . . . . Triggered . | . . . . . . . . . . . . . . . . . . . . . . . . . . . . . . . Disarmed . | . . . . . . . . . . . . . . . . . . . . . . . . . . . . . . . Reprogrammed . | . . . . . . . . . . . . . . . . . . . . . . . . . . . . . . . Reused . | . . . . . . . . . . . . . . . . . . . . . . . . . . . . . . . Traps Extracted . | . . . . . . . . . . . . . . . . . . . . . . . . . . . . . . . Installed . | . . . . . . . . . . . . . . . . . . . . . . . . . . . . . . . Triggered . | . . . . . . . . . . . . . . . . . . . . . . . . . . . . . . . Machines | -11 -10 -10 -9 -8 -8 -8 -8 -6 -6 -6 -6 -5 -5 -5 -5 -5 -5 -4 -4 -4 -4 -3 -3 -3 -2 -2 -2 -1 -1 -1 ---------- Run | Yrd Mat Min Mat Mat Sto Rec Scr Fac Low Low Zio Pro Fac Ext Cet Arc Hub Fac Upp Upp Zhi Pro Res Tes Res Qua Sec Acc Com Ac0 Machines Disabled 110 | . . . 3 . 3 1 . 2 . . . . 1 4 . 3 17 16 . . . . . 15 1 11 18 9 5 1 Max in Single Turn 8 | . . . 2 . 1 1 . . . . . . 1 1 . 1 8 5 . . . . . 2 1 1 2 2 1 1 Garrison Access 2 | . . . . . . . . 1 . . . . . . . . . . . . . . . . 1 . . . . . Network Hub 2 | . . . . . . . . . . . . . . . . . 2 . . . . . . . . . . . . . Energy Cycler 1 | . . . . . . . . . . . . . . 1 . . . . . . . . . . . . . . . . Machines Repaired . | . . . . . . . . . . . . . . . . . . . . . . . . . . . . . . . Machines Dismantled . | . . . . . . . . . . . . . . . . . . . . . . . . . . . . . . . Machines Sabotaged . | . . . . . . . . . . . . . . . . . . . . . . . . . . . . . . . Overloaded Fab Kills . | . . . . . . . . . . . . . . . . . . . . . . . . . . . . . . . Hacking | -11 -10 -10 -9 -8 -8 -8 -8 -6 -6 -6 -6 -5 -5 -5 -5 -5 -5 -4 -4 -4 -4 -3 -3 -3 -2 -2 -2 -1 -1 -1 --------- Run | Yrd Mat Min Mat Mat Sto Rec Scr Fac Low Low Zio Pro Fac Ext Cet Arc Hub Fac Upp Upp Zhi Pro Res Tes Res Qua Sec Acc Com Ac0 Machines Accessed 78 | . 1 . 4 6 7 7 2 5 2 . . . . 8 1 . 6 4 . 1 4 . 1 4 6 6 2 . 1 . Terminals 52 | . . . 3 5 6 4 . 2 . . . . . 7 1 . 6 2 . . . . . 3 5 5 2 . 1 . Fabricators 1 | . . . . . . . . . . . . . . . . . . . . . . . 1 . . . . . . . Repair Stations 3 | . . . . 1 1 . . . . . . . . . . . . 1 . . . . . . . . . . . . Recycling Units 6 | . 1 . . . . 3 . 1 . . . . . 1 . . . . . . . . . . . . . . . . Scanalyzers 4 | . . . 1 . . . . 1 . . . . . . . . . 1 . . . . . 1 . . . . . . Garrison Access 3 | . . . . . . . . 1 . . . . . . . . . . . . . . . . 1 1 . . . . Total Hacks 168 | . 1 . 8 12 10 12 4 7 2 . . . . 15 1 . 16 12 . 1 17 . 2 9 18 18 2 . 1 . Successful 91 | . 1 . 6 6 6 7 4 5 2 . . . . 8 1 . 6 5 . 1 17 . 1 2 8 3 2 . . . Failed 75 | . . . 2 6 4 5 . 1 . . . . . 7 . . 10 6 . . . . 1 7 10 15 . . 1 . Catastrophic 19 | . . . . 1 2 . . . . . . . . . . . 2 1 . . . . 1 3 3 5 . . 1 . Database Lockouts 2 | . . . . . . . . 1 . . . . . . . . . 1 . . . . . . . . . . . . Manual 39 | . 1 . 4 5 1 6 . 4 . . . . . 2 1 . 4 4 . . . . . . 1 6 . . . . Terminals 115 | . . . 5 9 8 9 . 3 . . . . . 14 1 . 16 7 . . . . . 7 17 16 2 . 1 . Fabricators 2 | . . . . . . . . . . . . . . . . . . . . . . . 2 . . . . . . . Repair Stations 8 | . . . . 3 2 . . . . . . . . . . . . 3 . . . . . . . . . . . . Recycling Units 6 | . 1 . . . . 3 . 1 . . . . . 1 . . . . . . . . . . . . . . . . Scanalyzers 9 | . . . 3 . . . . 2 . . . . . . . . . 2 . . . . . 2 . . . . . . Garrison Access 4 | . . . . . . . . 1 . . . . . . . . . . . . . . . . 1 2 . . . . Terminal Hacks 64 | . . . 2 2 4 3 4 1 2 . . . . 6 1 . 5 2 . 1 17 . . 2 7 3 2 . . . Record 9 | . . . . . . . 3 . 1 . . . . . . . . . . . 5 . . . . . . . . . Part Schematic 4 | . . . . . . . . . . . . . . . . . . . . . 4 . . . . . . . . . Robot Analysis 4 | . . . . . . . . . . . . . . . . . . . . . 4 . . . . . . . . . Prototype ID Bank 6 | . . . . . . 1 . . . . . . . 1 . . . . . . 4 . . . . . . . . . Open Door 11 | . . . . . 2 . . . 1 . . . . 4 1 . . . . 1 . . . . . . 2 . . . Branch Access Points 4 | . . . . . 1 . . 1 . . . . . . . . . 1 . . . . . . 1 . . . . . Emergency Access Points 1 | . . . . . . . . . . . . . . . . . 1 . . . . . . . . . . . . . Terminal Index 2 | . . . . . . . . . . . . . . . . . 1 . . . . . . 1 . . . . . . Unreport Threat 10 | . . . 1 1 . . . . . . . . . . . . 2 . . . . . . . 4 2 . . . . Locate Traps 8 | . . . . 1 1 . . . . . . . . 1 . . . 1 . . . . . 1 2 1 . . . . Hauler Manifests 1 | . . . . . . 1 . . . . . . . . . . . . . . . . . . . . . . . . Zone Layout 3 | . . . 1 . . 1 . . . . . . . . . . 1 . . . . . . . . . . . . . Proto ID Catalog 1 | . . . . . . . 1 . . . . . . . . . . . . . . . . . . . . . . . Fabricator Hacks 1 | . . . . . . . . . . . . . . . . . . . . . . . 1 . . . . . . . Build 1 | . . . . . . . . . . . . . . . . . . . . . . . 1 . . . . . . . Repair Station Hacks 5 | . . . . 2 2 . . . . . . . . . . . . 1 . . . . . . . . . . . . Scan Component 3 | . . . . 1 1 . . . . . . . . . . . . 1 . . . . . . . . . . . . Repair 2 | . . . . 1 1 . . . . . . . . . . . . . . . . . . . . . . . . . Recycling Unit Hacks . | . . . . . . . . . . . . . . . . . . . . . . . . . . . . . . . Scanalyzer 5 | . . . 3 . . . . 1 . . . . . . . . . 1 . . . . . . . . . . . . Insert Component 1 | . . . 1 . . . . . . . . . . . . . . . . . . . . . . . . . . . Retrieve Study 4 | . . . 2 . . . . 1 . . . . . . . . . 1 . . . . . . . . . . . . Garrison Access Hacks 2 | . . . . . . . . 1 . . . . . . . . . . . . . . . . 1 . . . . . Seal Access 2 | . . . . . . . . 1 . . . . . . . . . . . . . . . . 1 . . . . . Unauthorized Hacks 14 | . 1 . 1 2 . 4 . 2 . . . . . 2 . . 1 1 . . . . . . . . . . . . Terminals 8 | . . . 1 2 . 1 . 1 . . . . . 1 . . 1 1 . . . . . . . . . . . . Botnet 7 | . . . 1 1 . 1 . 1 . . . . . 1 . . 1 1 . . . . . . . . . . . . Skim 1 | . . . . 1 . . . . . . . . . . . . . . . . . . . . . . . . . . Fabricators . | . . . . . . . . . . . . . . . . . . . . . . . . . . . . . . . Repair Stations . | . . . . . . . . . . . . . . . . . . . . . . . . . . . . . . . Recycling Units 6 | . 1 . . . . 3 . 1 . . . . . 1 . . . . . . . . . . . . . . . . Tunnel 4 | . 1 . . . . 3 . . . . . . . . . . . . . . . . . . . . . . . . Scrapoids 2 | . . . . . . . . 1 . . . . . 1 . . . . . . . . . . . . . . . . Scanalyzers . | . . . . . . . . . . . . . . . . . . . . . . . . . . . . . . . Garrison Access . | . . . . . . . . . . . . . . . . . . . . . . . . . . . . . . . Data Cores Recovered 2 | . . . 1 . . . . . . . . . . . . . . . . . . . 1 . . . . . . . Used . | . . . . . . . . . . . . . . . . . . . . . . . . . . . . . . . Hacking Detections 40 | . . . . 5 2 2 . 2 . . . . . 4 1 . 6 3 . . . . 1 4 3 6 . . 1 . Full Trace Events 3 | . . . . . 1 . . . . . . . . 1 . . 1 . . . . . . . . . . . . . Feedback Events . | . . . . . . . . . . . . . . . . . . . . . . . . . . . . . . . Feedback Blocked . | . . . . . . . . . . . . . . . . . . . . . . . . . . . . . . . Robot Schematics Acquired 4 | . . . . . . . . . . . . . . . . . . . . . . . . 1 . 3 . . . . Robots Built 1 | . . . . . . . . . . . . . . . . . . . . . . . 1 . . . . . . . Authchips . | . . . . . . . . . . . . . . . . . . . . . . . . . . . . . . . Time 62 | . . . . . . . . . . . . . . . . . . . . . . . 62 . . . . . . . Total Robot Build Rating 7 | . . . . . . . . . . . . . . . . . . . . . . . 7 . . . . . . . Part Schematics Acquired 11 | . . . . . . . . . . . . . . . . . . . . . 4 . . 2 . 5 . . . . Parts Built . | . . . . . . . . . . . . . . . . . . . . . . . . . . . . . . . Authchips . | . . . . . . . . . . . . . . . . . . . . . . . . . . . . . . . Time . | . . . . . . . . . . . . . . . . . . . . . . . . . . . . . . . Total Part Build Rating . | . . . . . . . . . . . . . . . . . . . . . . . . . . . . . . . Part Studies Acquired 3 | . . . 2 . . . . 1 . . . . . . . . . . . . . . . . . . . . . . Parts Repaired 2 | . . . . 1 1 . . . . . . . . . . . . . . . . . . . . . . . . . Time 100 | . . . . 50 50 . . . . . . . . . . . . . . . . . . . . . . . . . Parts Recycled . | . . . . . . . . . . . . . . . . . . . . . . . . . . . . . . . Recycled Matter . | . . . . . . . . . . . . . . . . . . . . . . . . . . . . . . . Retrieved Matter . | . . . . . . . . . . . . . . . . . . . . . . . . . . . . . . . Retrieved Components . | . . . . . . . . . . . . . . . . . . . . . . . . . . . . . . . Parts Scanalyzed . | . . . . . . . . . . . . . . . . . . . . . . . . . . . . . . . Part Schematics Acquired . | . . . . . . . . . . . . . . . . . . . . . . . . . . . . . . . Parts Damaged . | . . . . . . . . . . . . . . . . . . . . . . . . . . . . . . . Bothacking | -11 -10 -10 -9 -8 -8 -8 -8 -6 -6 -6 -6 -5 -5 -5 -5 -5 -5 -4 -4 -4 -4 -3 -3 -3 -2 -2 -2 -1 -1 -1 ------------ Run | Yrd Mat Min Mat Mat Sto Rec Scr Fac Low Low Zio Pro Fac Ext Cet Arc Hub Fac Upp Upp Zhi Pro Res Tes Res Qua Sec Acc Com Ac0 Used RIF Installer . | . . . . . . . . . . . . . . . . . . . . . . . . . . . . . . . Robots Hacked . | . . . . . . . . . . . . . . . . . . . . . . . . . . . . . . . Non-combat . | . . . . . . . . . . . . . . . . . . . . . . . . . . . . . . . Combat . | . . . . . . . . . . . . . . . . . . . . . . . . . . . . . . . Robot Hacks Applied . | . . . . . . . . . . . . . . . . . . . . . . . . . . . . . . . Relay Couplers Released 4 | . . . . . . . . . . . . . . . . . . . . . . . . . 4 . . . . . Programmers 4 | . . . . . . . . . . . . . . . . . . . . . . . . . 4 . . . . . Fabnet Peak Effective % . | . . . . . . . . . . . . . . . . . . . . . . . . . . . . . . . Robots Rewired 12 | . . . . . . 6 . . . . . . . 6 . . . . . . . . . . . . . . . . Allies Hacked 3 | . . . . . . . . . . . . . . 3 . . . . . . . . . . . . . . . . Hacks Repelled . | . . . . . . . . . . . . . . . . . . . . . . . . . . . . . . . Allies | -11 -10 -10 -9 -8 -8 -8 -8 -6 -6 -6 -6 -5 -5 -5 -5 -5 -5 -4 -4 -4 -4 -3 -3 -3 -2 -2 -2 -1 -1 -1 -------- Run | Yrd Mat Min Mat Mat Sto Rec Scr Fac Low Low Zio Pro Fac Ext Cet Arc Hub Fac Upp Upp Zhi Pro Res Tes Res Qua Sec Acc Com Ac0 Total Allies 107 | . . . . . . 6 . 5 . . . . . 16 5 . . . . . . . 1 . . . . 30 44 . Largest Group 14 | . . . . . . 6 5 5 . . . . . 14 9 6 6 2 . . . . 1 1 . . . 8 7 . Highest-Rated Group 595 | . . . . . . 116 100 143 . . . . . 581 595 519 519 185 . . . . 36 36 . . . 118 99 . Highest-Rated Ally 159 | . . . . . . 27 27 31 . . . . . 159 152 96 96 96 . . . . 36 36 . . . 15 15 . Initial UFD Resources 33 | . . . . . . . . 22 19 19 19 21 21 21 18 18 18 22 22 22 22 25 25 25 29 29 29 33 33 33 Total Orders 20 | . . . . . . . . 2 . . . . . . 2 2 . . . . . . 6 3 5 . . . . . STAY 3 | . . . . . . . . 1 . . . . . . 1 1 . . . . . . . . . . . . . . ROAM 1 | . . . . . . . . . . . . . . . . . . . . . . . 1 . . . . . . . FOLLOW 5 | . . . . . . . . 1 . . . . . . 1 1 . . . . . . 1 1 . . . . . . AID 1 | . . . . . . . . . . . . . . . . . . . . . . . 1 . . . . . . . EXPLORE 4 | . . . . . . . . . . . . . . . . . . . . . . . 1 1 2 . . . . . RETURN 6 | . . . . . . . . . . . . . . . . . . . . . . . 2 1 3 . . . . . Ally Attacks 380 | . . . . . . 3 . 36 . . . . . 137 54 25 83 8 . . . . . . . . . 33 1 . Total Damage 9587 | . . . . . . 64 . 484 . . . . . 3319 1422 687 2982 155 . . . . . . . . . 462 12 . Kills 56 | . . . . . . 2 . 2 . . . . . 22 7 3 19 . . . . . . . . . . 1 . . Allies Corrupted 2 | . . . . . . . . . . . . . . . . . 1 1 . . . . . . . . . . . . Allies Melted 1 | . . . . . . . . . . . . . . 1 . . . . . . . . . . . . . . . . Intel | -11 -10 -10 -9 -8 -8 -8 -8 -6 -6 -6 -6 -5 -5 -5 -5 -5 -5 -4 -4 -4 -4 -3 -3 -3 -2 -2 -2 -1 -1 -1 ------- Run | Yrd Mat Min Mat Mat Sto Rec Scr Fac Low Low Zio Pro Fac Ext Cet Arc Hub Fac Upp Upp Zhi Pro Res Tes Res Qua Sec Acc Com Ac0 Active Infowar (turns) 14673 | . . . . 65 . . . 260 1137 961 . 593 560 650 . . 373 1689 575 396 283 415 761 1636 766 2346 1207 . . . Sensors 4306 | . . . . . . . . . . . . . . . . . . . 575 396 283 415 444 937 726 530 . . . . IFF 7176 | . . . . . . . . 260 1137 961 . 593 413 328 . . 373 1336 . . . . . . . 1269 506 . . . Terrain 1396 | . . . . . . . . . . . . . . . . . . . . . . . 761 365 270 . . . . . Seismic 65 | . . . . 65 . . . . . . . . . . . . . . . . . . . . . . . . . . Jamming 8295 | . . . . . . . . . . . . . 422 650 . . 283 1506 . . . . 740 1057 318 2320 999 . . . Robot Analysis Total 4 | . . . . . . . . . . . . . . . . . . . . . 4 . . . . . . . . . Derelict Logs Recovered 13 | . . 1 . . . . . . 3 2 1 2 . . . . . . 2 2 . . . . . . . . . . Drone Launches 4 | . . . . . . . . . . . . . . . . . . . . . . . 1 1 2 . . . . . Drone Recoveries 4 | . . . . . . . . . . . . . . . . . . . . . . . 1 1 2 . . . . . Exploration | -11 -10 -10 -9 -8 -8 -8 -8 -6 -6 -6 -6 -5 -5 -5 -5 -5 -5 -4 -4 -4 -4 -3 -3 -3 -2 -2 -2 -1 -1 -1 ------------- Run | Yrd Mat Min Mat Mat Sto Rec Scr Fac Low Low Zio Pro Fac Ext Cet Arc Hub Fac Upp Upp Zhi Pro Res Tes Res Qua Sec Acc Com Ac0 Turns Passed 35178 | 206 500 1810 1473 1043 1553 1074 2738 1234 1174 1364 1555 790 564 1409 712 191 619 2402 695 921 283 624 761 2346 863 2346 1608 506 1640 174 Spaces Moved 19500 | 153 204 559 576 431 511 417 1212 622 761 831 1028 471 295 745 269 85 307 1038 523 562 156 291 375 1055 403 1089 1129 877 2115 410 Core 74 | 61 . . . . . . . . . . . . . . 8 . . . . . . . . . . . 5 . . . Treads 10029 | 92 204 559 576 431 511 417 1212 80 . . . . . . 219 85 307 888 . 415 156 291 375 1055 403 1089 664 . . . Legs 3858 | . . . . . . . . . . . . . . . . . . . . . . . . . . . 460 877 2111 410 Wheels 5535 | . . . . . . . . 542 761 831 1028 471 295 745 42 . . 150 523 147 . . . . . . . . . . Hover . | . . . . . . . . . . . . . . . . . . . . . . . . . . . . . . . Flight . | . . . . . . . . . . . . . . . . . . . . . . . . . . . . . . . Fastest Speed 30 | 50 160 320 200 160 160 235 145 145 150 150 150 150 150 150 150 160 160 128 128 128 160 160 155 155 155 155 30 30 30 30 Average Speed 146 | 116 188 320 206 186 219 235 223 163 150 150 150 150 150 150 230 160 160 166 128 151 160 160 158 161 157 156 102 34 31 30 Slowest Speed 2500 | 160 320 320 320 240 242 235 235 225 150 150 150 150 150 150 2500 160 160 250 128 260 160 160 160 242 160 160 240 90 90 30 Overloaded Moves . | . . . . . . . . . . . . . . . . . . . . . . . . . . . . . . . Propulsion Burnouts . | . . . . . . . . . . . . . . . . . . . . . . . . . . . . . . . Robots Hopped . | . . . . . . . . . . . . . . . . . . . . . . . . . . . . . . . Potential Cave-ins 82 | . . . . . . . . . . . . 3 . . . . 2 24 . . . . . . 4 5 13 21 10 . Cave-ins Triggered 1 | . . . . . . . . . . . . . . . . . . . . . . . . . . . 1 . . . Teleports 2 | . . . . . . . . . . . . . . . . . . . . . . . . . . . . . 1 1 Spacefolds 1 | . . . . . . . . . . . . . . . . . . . . . . . . . . . . . 1 . Exploration Rate (%) 56 | 5 30 91 73 38 73 74 81 20 89 88 83 63 12 80 66 75 47 23 65 67 60 45 15 90 13 90 55 32 74 32 Regions Visited 30 Branch Regions 21 Pre-discovered Areas 14 | . 1 . . . . 3 . . 1 1 3 . . . . . . . 1 1 3 . . . . . . . . . Known Exits Taken 9 | . . . . . 1 . . 1 . . . 1 1 . . . 1 1 . . . . 1 . 1 . 1 . . . Unknown Exits Taken 21 | 1 1 1 1 1 . 1 1 . 1 1 1 . . 1 1 1 . . 1 1 1 1 . 1 . 1 . 1 1 . Scrap Searched 27 | . . . . . . . 5 . 5 5 3 3 . . . . . . 2 3 . 1 . . . . . . . . Spaces Dug 360 | . . . . 3 3 . . 8 . 14 . 4 23 . . . 6 34 . . . 15 10 31 11 17 47 107 27 . Terrain Destroyed 2075 | . . 1 92 30 70 5 . 11 41 99 . 30 25 8 8 8 346 238 . 8 . 55 21 132 43 120 164 263 157 100 Melee . | . . . . . . . . . . . . . . . . . . . . . . . . . . . . . . . Projectile 1113 | . . 1 29 8 29 5 . 11 . . . 14 25 8 8 8 28 162 . 8 . 55 21 101 35 57 32 211 157 100 AOE 913 | . . . 63 21 41 . . . 41 99 . 16 . . . . 318 76 . . . . . 15 . 44 127 52 . . Terrain Rammed . | . . . . . . . . . . . . . . . . . . . . . . . . . . . . . . . Walls Destroyed . | . . . . . . . . . . . . . . . . . . . . . . . . . . . . . . . Machines Disabled . | . . . . . . . . . . . . . . . . . . . . . . . . . . . . . . . Actions | -11 -10 -10 -9 -8 -8 -8 -8 -6 -6 -6 -6 -5 -5 -5 -5 -5 -5 -4 -4 -4 -4 -3 -3 -3 -2 -2 -2 -1 -1 -1 --------- Run | Yrd Mat Min Mat Mat Sto Rec Scr Fac Low Low Zio Pro Fac Ext Cet Arc Hub Fac Upp Upp Zhi Pro Res Tes Res Qua Sec Acc Com Ac0 Total 23963 | 169 266 571 758 615 777 480 1251 772 782 899 1043 517 369 973 344 113 372 1384 539 609 180 371 507 1416 553 1458 1419 989 3014 453 Wait 1619 | . 18 1 70 88 93 13 2 34 1 13 . . 12 59 8 6 7 41 . 8 . 9 77 75 32 131 51 13 735 22 Move 19468 | 152 203 558 575 430 510 416 1211 621 760 830 1027 470 294 744 268 84 306 1037 522 561 155 290 374 1055 402 1088 1129 876 2111 409 Hop . | . . . . . . . . . . . . . . . . . . . . . . . . . . . . . . . Pick Up 265 | 3 3 5 28 17 14 . 10 15 2 2 6 1 3 7 11 1 1 24 3 5 2 2 6 26 9 21 27 3 7 1 Fast Attach 148 | 7 3 . 3 4 12 . 4 4 . . . . . 5 8 1 1 6 1 2 4 . 1 18 8 13 20 15 6 2 Attach 101 | . . . 4 4 . . 1 6 . 1 . . 3 . 3 . 2 13 1 3 4 . 3 11 12 6 17 3 4 . Detach 75 | 1 2 . 2 3 3 . 2 1 . . . . 1 1 1 . . 1 1 1 4 . . 9 9 5 20 5 . 3 Swap 298 | . . 1 5 11 13 . 3 12 5 11 4 8 13 9 6 3 13 49 3 7 . 10 15 28 18 25 17 2 7 . Drop 321 | . 2 . 13 20 26 . 18 13 2 3 6 1 . 14 20 2 2 9 4 9 5 . 6 37 12 33 39 13 9 3 Fire 1480 | 6 35 3 58 36 104 19 . 64 12 39 . 37 43 62 19 16 40 195 4 13 6 60 24 155 51 134 99 59 74 13 Melee 1 | . . . . . . . . . . . . . . . . . . . . . . . . . . 1 . . . . Ram 2 | . . . . . . . . 2 . . . . . . . . . . . . . . . . . . . . . . Kick 1 | . . . . . . . . . . . . . . . . . . . . . . . . . . . . . 1 . Crush 21 | . . 3 . 2 2 1 . . . . . . . . . . . 9 . . . . 1 2 . 1 . . . . Escape Stasis 16 | . . . . . . . . . . . . . . 16 . . . . . . . . . . . . . . . . Rewire 147 | . . . . . . 31 . . . . . . . 56 . . . . . . . . . . . . . . 60 . Trap . | . . . . . . . . . . . . . . . . . . . . . . . . . . . . . . . Miscellaneous . | . . . . . . . . . . . . . . . . . . . . . . . . . . . . . . . Route ------- -11/Scrapyard -10/Materials -10/Mines (discovered 2 exits: *Mat / [*Sub]) -9/Materials (discovered 2 exits: *Mat x2) -8/Materials (discovered 2 exits: *Fac / *Sto) -8/Storage -8/Recycling -8/Scraptown (discovered 2 exits: *Fac x2) -6/Factory (discovered 2 exits: *Low x2) -6/Lower Caves -6/Lower Caves (discovered 2 exits: *Fac / [*Zio]) -6/Zion -5/Proximity Caves -5/Factory (discovered 4 exits: Fac x2 / Upp / *Ext) -5/Extension (discovered 2 exits: *Fac / *Cet) -5/Cetus (discovered 2 exits: *Fac / [*Arc]) -5/Archives -5/Hub_04(d) (discovered 2 exits: *Fac x2) -4/Factory (discovered 2 exits: *Upp x2) -4/Upper Caves -4/Upper Caves -4/Zhirov -3/Proximity Caves -3/Research (discovered 3 exits: Arm / *Tes x2) -3/Testing -2/Research (discovered 4 exits: *Acc x2 / *Qua x2) -2/Quarantine (discovered 3 exits: *Acc / *Sec / [*Frg]) -2/Section 7 -1/Access (discovered 2 exits: [Sur] / *Com) -1/Command (discovered 3 exits: [Sur x2] / [*Ac0]) -1/Access_0 Near Former Tau Ceti IV History --------- Turn | Location | Event 8 | -11/Scrapyard | Discovered new exit (range 16) 207 | -11/Scrapyard | Entered Materials 312 | -10/Materials | Build established: Mutant 636 | -10/Materials | Discovered new exit (range 16) 707 | -10/Materials | Entered Mines 803 | -10/Mines | Assembled infested the area 808 | -10/Mines | Assisted by a Guerilla fighting off Assembled 866 | -10/Mines | Learned Materials stockpile data 969 | -10/Mines | A weapon hastily lodged in a ceiling crevice suddenly fell to the ground 1343 | -10/Mines | Found a Scrap Suit stashed away for nefarious purposes 2076 | -10/Mines | Discovered new exit (range 5) 2380 | -10/Mines | Discovered new exit (range 15) 2517 | -10/Mines | Entered Materials 2517 | -9/Materials | Evolved 2 slots: Propulsion x1, Utility x1 3209 | -9/Materials | Destroyed 8 combat bots 3411 | -9/Materials | Discovered new exit (range 15) 3980 | -9/Materials | Discovered new exit (range 6) 3990 | -9/Materials | Entered another Materials area 3990 | -8/Materials | Evolved 2 slots: Propulsion x1, Utility x1 4066 | -8/Materials | Repaired Bore Cannon 4566 | -8/Materials | Discovered new exit (range 12) 4680 | -8/Materials | Discovered new exit (range 16) 4745 | -8/Materials | Identified exit to Factory 5033 | -8/Materials | Entered Storage 5936 | -8/Storage | Met 01-MTF 6116 | -8/Storage | Destroyed 01-MTF 6367 | -8/Storage | Identified exit to Recycling 6397 | -8/Storage | Allied Derelicts emerged from ambush trap array 6501 | -8/Storage | Lost 3 allies 6540 | -8/Storage | Repaired Bore Cannon 6577 | -8/Storage | Used back door to open Recycling access 6586 | -8/Storage | Entered Recycling 7055 | -8/Recycling | Build established: Commander-Mutant 7600 | -8/Recycling | Scanned before Scraplab entrance 7635 | -8/Recycling | Entered Scraplab 7654 | -8/Recycling | Discovered new exit (range 3) 7660 | -8/Recycling | Entered Scraptown 7660 | -8/Scraptown | Accompanied by 5 allies 8083 | -8/Scraptown | Discovered new exit (range 11) 8298 | -8/Scraptown | Visited Cave Peace 8320 | -8/Scraptown | Visited Fellowship of the Rings 8334 | -8/Scraptown | Visited CPS Storage 8500 | -8/Scraptown | Visited Scrapoid Research Area 8540 | -8/Scraptown | Visited Assassins FH 8623 | -8/Scraptown | Visited Cyclists 8672 | -8/Scraptown | Visited Supply Room 8733 | -8/Scraptown | Visited UFD Registry 8738 | -8/Scraptown | Registered with UFD as "Thermounit" 9116 | -8/Scraptown | Visited Junk Repository 9180 | -8/Scraptown | Visited Science Guys 9290 | -8/Scraptown | Visited A0-MCA Data Center 9304 | -8/Scraptown | Given a B rating by A0-MCA 9312 | -8/Scraptown | Found A0-MCA's Component Scanner 9389 | -8/Scraptown | Visited Sword Containment 9415 | -8/Scraptown | Visited DA-N13 Charitable Foundation 9425 | -8/Scraptown | Found DCF Scrap (28 items) 9501 | -8/Scraptown | Visited Chapter 10 9539 | -8/Scraptown | Visited Science Testing Area 9576 | -8/Scraptown | Visited Abandonware Association 9592 | -8/Scraptown | Learned abandonware demo "OVRCLOCK.EXE" 9606 | -8/Scraptown | Learned abandonware demo "ERRANTS.EXE" 10181 | -8/Scraptown | Discovered new exit (range 3) 10311 | -8/Scraptown | Met Optimus 10311 | -8/Scraptown | Accepted into 0bPrime 10398 | -8/Scraptown | Entered Factory 10398 | -6/Factory | Accompanied by 5 allies 10398 | -6/Factory | Evolved 4 slots: Power x1, Utility x1, Weapon x2 10782 | -6/Factory | Build established: Tank 11115 | -6/Factory | Central database locked down 11177 | -6/Factory | Identified exit to Lower Caves 11346 | -6/Factory | Scrapoids reinforcements arrived? 11417 | -6/Factory | Lost 4 allies 11632 | -6/Factory | Entered Lower Caves 11815 | -6/Lower Caves | Entered a destroyed Warlord outpost 11847 | -6/Lower Caves | Found DCF Scrap (12 items) 12126 | -6/Lower Caves | Encountered a Warlord checkpoint 12332 | -6/Lower Caves | Learned Factory trap positions 12562 | -6/Lower Caves | Learned location of 1 exit from Factory 12763 | -6/Lower Caves | Discovered new exit (range 9) 12806 | -6/Lower Caves | Entered another Lower Caves area 12820 | -6/Lower Caves | Discovered new exit (range 11) 13067 | -6/Lower Caves | Learned location of Zion (-6) 13115 | -6/Lower Caves | Attracted the attention of an 0b10 checkpoint 14034 | -6/Lower Caves | Discovered new exit (range 9) 14037 | -6/Lower Caves | Learned Factory garrison access intel 14170 | -6/Lower Caves | Entered Zion 14262 | -6/Zion | Discovered new exit (range 15) 14637 | -6/Zion | Visited the Megawrench Repair Shop 14806 | -6/Zion | Turned away by Imprinter 14892 | -6/Zion | Learned location of Quarantine (-2) 14895 | -6/Zion | Learned location of Warlord (-5) 15244 | -6/Zion | Given the Hacking Drone Bay 15245 | -6/Zion | Found Hacking Drone Bay 15538 | -6/Zion | Megawrench repaired 12 parts 15725 | -6/Zion | Entered Proximity Caves 15793 | -5/Proximity Caves | Identified exit to Factory 16187 | -5/Proximity Caves | Learned 12 Factory zone layouts 16403 | -5/Proximity Caves | Attracted the attention of an 0b10 checkpoint 16515 | -5/Proximity Caves | Entered Factory 16515 | -5/Factory | Evolved 2 slots: Utility x2 16516 | -5/Factory | Identified exit to Extension 16517 | -5/Factory | Identified exit to Factory 16518 | -5/Factory | Identified exit to Upper Caves 16519 | -5/Factory | Loaded intel: 71 trap records 16520 | -5/Factory | Loaded intel: 4 garrison access locations 16955 | -5/Factory | Build established: Derelict-Gunner 17079 | -5/Factory | Entered Extension 17418 | -5/Extension | Rescued a captive Derelict 17428 | -5/Extension | Rescued a captive Derelict 17491 | -5/Extension | Rescued A7 17594 | -5/Extension | Scrapoids reinforcements arrived? 17797 | -5/Extension | Spotted B-75 Beast 17804 | -5/Extension | Destroyed B-75 Beast 17817 | -5/Extension | Spotted B-75 Beast 17820 | -5/Extension | Allies destroyed B-75 Beast 17974 | -5/Extension | Rescued a captive Derelict 17975 | -5/Extension | Rescued a captive Derelict 18019 | -5/Extension | Energy Cycler disabled 18022 | -5/Extension | Rescued a captive Derelict 18279 | -5/Extension | First assault squad dispatched 18398 | -5/Extension | Lost 5 allies 18400 | -5/Extension | Destroyed 9 combat bots 18427 | -5/Extension | Discovered exit to Factory (range 10) 18428 | -5/Extension | Discovered new exit (range 6) 18488 | -5/Extension | Entered Cetus 18488 | -5/Cetus | Accompanied by 9 allies (A7) 18493 | -5/Cetus | Acquired a Cetus Manufacturing Module code from A7 18511 | -5/Cetus | Spotted Cetus Guard 18512 | -5/Cetus | Spotted Cetus Guard 18514 | -5/Cetus | Spotted Cetus Guard 18514 | -5/Cetus | Spotted Cetus Guard 18515 | -5/Cetus | Attached CPS modules to Cetus Guard. 18519 | -5/Cetus | Attached CPS modules to Cetus Guard. 18521 | -5/Cetus | Allies destroyed Cetus Guard 18527 | -5/Cetus | Allies destroyed Cetus Guard 18535 | -5/Cetus | Allies destroyed Cetus Guard 18539 | -5/Cetus | Allies destroyed Cetus Guard 18571 | -5/Cetus | Lost 4 allies 18911 | -5/Cetus | Started Cetus Manufacturing Module 18924 | -5/Cetus | Escorted A7 to Cetus Mainframe 18936 | -5/Cetus | Manufactured an Enhanced Grunt 18955 | -5/Cetus | Discovered new exit (range 15) 18961 | -5/Cetus | Manufactured an Enhanced Grunt 18968 | -5/Cetus | Attached CPS modules to A7. 18986 | -5/Cetus | Manufactured an Enhanced Grunt 18989 | -5/Cetus | Spotted Cetus Guard 18989 | -5/Cetus | Spotted Cetus Guard 18993 | -5/Cetus | Spotted Cetus Guard 18993 | -5/Cetus | Spotted Cetus Guard 18996 | -5/Cetus | Allies destroyed Cetus Guard 19001 | -5/Cetus | Attached CPS modules to Cetus Guard. 19003 | -5/Cetus | Allies destroyed Cetus Guard 19008 | -5/Cetus | Destroyed Cetus Guard 19011 | -5/Cetus | Manufactured an Enhanced Grunt 19016 | -5/Cetus | Allies destroyed Cetus Guard 19023 | -5/Cetus | Murdered A7 19025 | -5/Cetus | Extracted ID and sensor layout for unrecognized location from A7's data core 19025 | -5/Cetus | Discovered exit to Factory (range 16) 19028 | -5/Cetus | Found Med. Regenerative Plating 19036 | -5/Cetus | Manufactured an Enhanced Grunt 19042 | -5/Cetus | Met Revision 17 19098 | -5/Cetus | Build established: Scavenger-Tank 19200 | -5/Cetus | Entered Archives 19200 | -5/Archives | Accompanied by 6 allies 19256 | -5/Archives | Discovered new exit (range 15) 19391 | -5/Archives | Entered Hub_04(d) 19391 | -5/Hub_04(d) | Accompanied by 6 allies 19636 | -5/Hub_04(d) | Found Tesla Bomb Launcher 19841 | -5/Hub_04(d) | Discovered exit to Factory (range 4) 19976 | -5/Hub_04(d) | Discovered exit to Factory (range 10) 19997 | -5/Hub_04(d) | Network Hub disabled 19997 | -5/Hub_04(d) | Network Hub disabled 20010 | -5/Hub_04(d) | Entered Factory 20010 | -4/Factory | Accompanied by 2 allies 20010 | -4/Factory | Evolved 2 slots: Propulsion x2 20096 | -4/Factory | Central database locked down 20260 | -4/Factory | First assault squad dispatched 20485 | -4/Factory | Spotted B-86 Titan 20800 | -4/Factory | Lost 3 parts (1u2w) 20817 | -4/Factory | Destroyed 7 combat bots 21106 | -4/Factory | Identified exit to Upper Caves 21535 | -4/Factory | Destroyed 8 combat bots 21964 | -4/Factory | High security lockdown imminent 22021 | -4/Factory | Destroyed 18 combat bots 22022 | -4/Factory | Lost 9 parts (1p3n3u2w) 22044 | -4/Factory | High security lockdown engaged 22054 | -4/Factory | System corruption reached 10% 22303 | -4/Factory | Found Exp. Signal Interpreter 22412 | -4/Factory | Entered Upper Caves 22495 | -4/Upper Caves | Encountered a Warlord checkpoint 22530 | -4/Upper Caves | Learned location of Armory (-3) 22805 | -4/Upper Caves | Learned Research terminal intel 22915 | -4/Upper Caves | Discovered new exit (range 10) 23107 | -4/Upper Caves | Entered another Upper Caves area 23705 | -4/Upper Caves | Discovered new exit (range 11) 23733 | -4/Upper Caves | Learned Research terminal intel 24028 | -4/Upper Caves | Entered Zhirov 24031 | -4/Zhirov | Discovered new exit (range 3) 24061 | -4/Zhirov | Met Zhirov 24088 | -4/Zhirov | Learned location of Testing (-3) 24088 | -4/Zhirov | Learned location of Command (-1) 24104 | -4/Zhirov | Zhirov requested help retrieving the SGEMP Prototype 24130 | -4/Zhirov | Found Alien Artifact 24130 | -4/Zhirov | Identified Integrated Dissipator 24130 | -4/Zhirov | Installed Integrated Dissipator, increased core heat dissipation (+20) 24230 | -4/Zhirov | Found Alien Artifact 24311 | -4/Zhirov | Entered Proximity Caves 24314 | -3/Proximity Caves | Spotter reported a threat 24314 | -3/Proximity Caves | Spotter reported a threat 24780 | -3/Proximity Caves | Spotter reported a threat 24928 | -3/Proximity Caves | Discovered new exit (range 5) 24935 | -3/Proximity Caves | Entered Research 24935 | -3/Research | Evolved 2 slots: Utility x1, Weapon x1 24936 | -3/Research | Loaded intel: 22 terminal locations 25135 | -3/Research | Revision forces began assault on 0b10 25189 | -3/Research | Met up with Revision 17++ 25474 | -3/Research | Fabricated M-36 Artificer (x1) 25549 | -3/Research | Identified exit to Armory 25549 | -3/Research | Identified exit to Testing 25635 | -3/Research | Research terminal network offline 25696 | -3/Research | Entered Testing 25696 | -3/Testing | Accompanied by 1 ally 25867 | -3/Testing | Found Tesla Bomb Launcher 25931 | -3/Testing | Found Imp. Potential Cannon 26063 | -3/Testing | Found SHELL Armor 26103 | -3/Testing | Build established: Derelict-Tank 26220 | -3/Testing | Found Cld. Nova Cannon 26624 | -3/Testing | System corruption reached 10% 26928 | -3/Testing | Discovered new exit (range 8) 27014 | -3/Testing | Found System Mapper 27299 | -3/Testing | Build established: Tank 27668 | -3/Testing | Found Perforator 27696 | -3/Testing | First assault squad dispatched 27747 | -3/Testing | Found AEGIS Remote Shield 28040 | -3/Testing | System corruption reached 30% 28042 | -3/Testing | Entered Research 28042 | -2/Research | Evolved 2 slots: Power x1, Utility x1 28043 | -2/Research | Loaded intel: 25 terminal locations 28292 | -2/Research | First assault squad dispatched 28343 | -2/Research | Discovered new exit (range 12) 28364 | -2/Research | Identified exit to Access 28616 | -2/Research | Build established: Hacker-Tank 28658 | -2/Research | Identified exit to Quarantine 28706 | -2/Research | Discovered exit to Access (range 12) 28889 | -2/Research | Spotted B-90 Cyclops 28905 | -2/Research | Entered Quarantine 29305 | -2/Quarantine | Found Alien Energy Cannon 29367 | -2/Quarantine | Watched by a mysterious "MATRIX" hacker. 29481 | -2/Quarantine | Found Alien Artifact 29625 | -2/Quarantine | Scanned by Researcher 29745 | -2/Quarantine | Found Alien Slashing Weapon 29745 | -2/Quarantine | Identified Sigix Broadsword 29785 | -2/Quarantine | System corruption reached 10% 29821 | -2/Quarantine | Discovered exit to Access (range 7) 30122 | -2/Quarantine | Build established: Tank 30155 | -2/Quarantine | First assault squad dispatched 30155 | -2/Quarantine | Found Point Singularity Launcher 30543 | -2/Quarantine | Found Alien Impact Weapon 30807 | -2/Quarantine | Found Alien Artifact 30807 | -2/Quarantine | Identified Core Reset Matrix 30807 | -2/Quarantine | Identified Subatomic Replicator 30807 | -2/Quarantine | Identified Core Stripper 30807 | -2/Quarantine | Identified Core Cannon 30807 | -2/Quarantine | Identified Transdimensional Reconstructor 30807 | -2/Quarantine | Used Core Reset Matrix 30811 | -2/Quarantine | Detected hypermatrix surge 30811 | -2/Quarantine | Sensed 6 artifacts in vicinity 30900 | -2/Quarantine | Discovered exit to Access (range 13) 31059 | -2/Quarantine | Spotted Fortress 31065 | -2/Quarantine | Destroyed Fortress 31071 | -2/Quarantine | Found Exp. Force Field 31077 | -2/Quarantine | Found Exp. EM Shield 31192 | -2/Quarantine | Discovered new exit (range 5) 31192 | -2/Quarantine | Discovered new exit (range 6) 31251 | -2/Quarantine | Entered Section 7 31252 | -2/Section 7 | Detected hypermatrix surge 31252 | -2/Section 7 | Sensed 20 artifacts in vicinity 31269 | -2/Section 7 | Found Spacefold Activator 31311 | -2/Section 7 | Found Integrated Reactor 31311 | -2/Section 7 | Installed Integrated Reactor, increased core energy generation (+10) 31431 | -2/Section 7 | Spotted S7 Guard 31449 | -2/Section 7 | Found Core Membrane 31449 | -2/Section 7 | Installed Core Membrane, gained immunity to corruption 31474 | -2/Section 7 | Destroyed S7 Guard 31496 | -2/Section 7 | Discovered exit to Access (range 15) 31536 | -2/Section 7 | Found Enh. Gamma Bomb Array 31547 | -2/Section 7 | Build established: Alien-Tank 31557 | -2/Section 7 | Spotted S7 Guard 31601 | -2/Section 7 | Found Integrated Thermoelectric Network 31604 | -2/Section 7 | Installed Integrated Thermoelectric Network, gained heat-energy exchange potential 31607 | -2/Section 7 | Destroyed S7 Guard 31751 | -2/Section 7 | First assault squad dispatched 31776 | -2/Section 7 | Spotted Executioner 31797 | -2/Section 7 | Destroyed Executioner 31797 | -2/Section 7 | Spotted Executioner 31803 | -2/Section 7 | Destroyed Executioner 31808 | -2/Section 7 | Found Exp. Core Analyzer 31829 | -2/Section 7 | Found Exp. Core Analyzer 31965 | -2/Section 7 | Spotted Executioner 31967 | -2/Section 7 | Spotted Executioner 31982 | -2/Section 7 | Destroyed Executioner 32133 | -2/Section 7 | Crushed by falling debris 32169 | -2/Section 7 | Found Integrated Dissipator 32169 | -2/Section 7 | Installed Integrated Dissipator, increased core heat dissipation (+20) 32222 | -2/Section 7 | Used Subatomic Replicator to replicate LRC Storage 32223 | -2/Section 7 | Found LRC Storage 32223 | -2/Section 7 | Installed LRC Storage, increased inventory capacity (+2) 32226 | -2/Section 7 | Installed LRC Storage, increased inventory capacity (+2) 32283 | -2/Section 7 | Found Integrated Dissipator 32283 | -2/Section 7 | Installed Integrated Dissipator, increased core heat dissipation (+20) 32418 | -2/Section 7 | Found Exp. Core Analyzer 32434 | -2/Section 7 | Spotted Striker 32436 | -2/Section 7 | Spotted Striker 32535 | -2/Section 7 | Found Sigix Sheargun 32539 | -2/Section 7 | Found Sigix Sheargun 32680 | -2/Section 7 | Integrated with Sigix Exoskeleton 32809 | -2/Section 7 | Found Transdimensional Reconstructor 32811 | -2/Section 7 | Found Transdimensional Reconstructor 32858 | -2/Section 7 | Spotted Striker 32858 | -2/Section 7 | Spotted Executioner 32859 | -2/Section 7 | Entered Access 32859 | -1/Access | Evolved 2 slots: Utility x1, Weapon x1 32864 | -1/Access | Emitted hypermatrix ping 32869 | -1/Access | Assembled emerged from beneath the floor 32992 | -1/Access | Destroyed 10 combat bots 32995 | -1/Access | Assembled emerged from beneath the floor 33020 | -1/Access | Build established: Alien-Sigix 33060 | -1/Access | Assembled emerged from beneath the floor 33090 | -1/Access | Assembled emerged from beneath the floor 33122 | -1/Access | Discovered new exit (range 17) 33129 | -1/Access | Lost 7 allies 33339 | -1/Access | Discovered new exit (range 18) 33365 | -1/Access | Entered Command 33370 | -1/Command | Emitted hypermatrix ping 33375 | -1/Command | Assembled emerged from beneath the floor 33489 | -1/Command | Destroyed 10 combat bots 33492 | -1/Command | Spotted Combat Programmer 33506 | -1/Command | Met MAIN.C 33507 | -1/Command | 0b10 Conduit disabled 33537 | -1/Command | MAIN.C's shell transforms into a squad of autonomous robots 33537 | -1/Command | Destroyed MAIN.C Shell 33537 | -1/Command | Spotted M Shell/Def 33537 | -1/Command | Spotted M Shell/Atk 33537 | -1/Command | Spotted M Shell/Def 33537 | -1/Command | Spotted M Shell/Atk 33537 | -1/Command | Spotted M Shell/Atk 33537 | -1/Command | Spotted M Shell/Def 33537 | -1/Command | Spotted M Shell/Def 33537 | -1/Command | Spotted M Shell/Atk 33539 | -1/Command | MAIN.C activated Command garrisons 33545 | -1/Command | Sigix Exoskeleton integrity reduced to 80% 33553 | -1/Command | Discovered new exit (range 18) 33633 | -1/Command | Sigix Exoskeleton integrity reduced to 60% 33643 | -1/Command | Destroyed MAIN.C 33945 | -1/Command | Found Prototype Reactor 33945 | -1/Command | Identified Zero-point Reactor 33953 | -1/Command | Found Zero-point Reactor 33976 | -1/Command | Destroyed M Shell/Def 34010 | -1/Command | All MAIN.C guards destroyed 34385 | -1/Command | Discovered new exit (range 15) 34399 | -1/Command | Found Corrupted Exp. Core Analyzer 34401 | -1/Command | Found Corrupted Exp. Core Analyzer 34490 | -1/Command | Assembled emerged from beneath the floor 34592 | -1/Command | Assembled emerged from beneath the floor 34630 | -1/Command | Assembled emerged from beneath the floor 34710 | -1/Command | Assembled emerged from beneath the floor 34955 | -1/Command | Assembled emerged from beneath the floor 35002 | -1/Command | Warped through subspace to slip node 35002 | -1/Command | Discovered new exit (range 4) 35003 | -1/Command | Core integrity fell below 50% 35005 | -1/Command | Entered Access_0 35006 | -1/Access_0 | Sensed 3 artifacts in vicinity 35006 | -1/Access_0 | Met Architect 35045 | -1/Access_0 | Architect warped through subspace 35071 | -1/Access_0 | A6 warped into view 35125 | -1/Access_0 | Core integrity fell below 20% 35152 | -1/Access_0 | A5 warped into view 35171 | -1/Access_0 | Destroyed Architect 35172 | -1/Access_0 | Architect triggered a singularity event 35175 | -1/Access_0 | Found Hpw. Transdimensional Reconstructor 35175 | -1/Access_0 | Warped through subspace to slip node 35175 | -1/Access_0 | Discovered new exit (range 8) 35179 | *** | Escaped singularity! Last Messages --------------- 35168_ Quantum Shear penetrates Wall. 35171_ Beam penetrates Architect. 35171_ Architect: "If I can't win, no one wins!" [Achievement: Blink Of An Eye] 35171_ Architect destroyed. 35171_ Beam penetrates Wall. 35172_ A0_COM: Initiating irreversible singularity event. Goodbye. 35173_ A0_COM: 10. 35174_ A0_COM: 9. 35175_ A0_COM: 8. 35175_ Acquired Hpw. Transdimensional Reconstructor. 35175_ Warped through subspace, drawn to slip node. 35175_ EXIT=FOUND 35176_ A0_COM: 7. 35177_ A0_COM: 6. 35178_ A0_COM: 5. 35179_ A0_COM: 4. Map ----- +----------------------------------------------------+ | | | | | | | | | | | | | | | | | | | | | | | | | | | | | | | | | ???????????#############################?????????? | | ??????????###############################????????? | | ?????????#################################???????? | | ?????????#################################???????? | | ?????????#################################???????? | | ????????###################################??????? | | ????????###################################??????? | | ????????################# #################??????? | | ????????################ ################??????? | | ????????################ X ################??????? | | ???????################# #################?????? | | ???????################ ################??????? | | ???????################ #################??????? | | ???????################# ################??????? | | ???????################ #################?????? | | ???????################ #################??????? | | ??????################# < ################??????? | | ???????################ #################??????? | | ???????################# #################??????? | | ???????####################################??????? | | ???????###################################???????? | | ???????###################################???????? | | ????????##################################???????? | | ????????#################################????????? | | ????????#################################????????? | | ?????????###############################?????????? | | ??????????#############################??????????? | | ??????????#############################??????????? | | ???????????###########################???????????? | | ????????????#########################????????????? | | ?????????????#######################?????????????? | | ???????????????###################???????????????? | | ????????????????#################????????????????? | | ???????????????????###########???????????????????? | +----------------------------------------------------+ Best States ------------- Heat Dissipation 220 Energy Generation 85 Energy Capacity 830 Matter Stores 300 Matter Capacity 300 Sight Range 16 Robot Scan Range 18 Terrain Scan Range 18 Terrain Scan Density 10 Jamming Range 16 Armor Coverage 1800 Resistance: KI 50 Resistance: TH 50 Resistance: EX 50 Resistance: EM 75 Resistance: I 50 Resistance: S 50 Resistance: P 50 Point Defense Rating 240 Weapon Cycling 25 Evasion (%) 69 Core Analysis 11 Recoil Reduction 6 Force Boost 30 Offensive Hacking 20 Item Schematics ----------------- None Robot Schematics ------------------ None Fabricated ------------ M-36 Artificer | x1 | -3/Research | Preloaded Repaired ---------- Bore Cannon | 11% | -8/Materials Bore Cannon | 11% | -8/Storage Studied --------- None Alien Tech Used ----------------- Integrated Dissipator Sigix Broadsword Core Reset Matrix Core Stripper Integrated Reactor Core Membrane Integrated Thermoelectric Network Spacefold Activator Subatomic Replicator LRC Storage Sigix Exoskeleton Sigix Sheargun Core Cannon Transdimensional Reconstructor High-powered Transdimensional Reconstructor Achievements -------------- Alien Attack Blink Of An Eye Integration Complete My Command Is Your Wish Sacrificial Teamwork Challenges ------------ None Game ------ Seed MetafiberTeleporterWand Manual? 0 Play Time 06:30:29 Cumulative 322.4 hours Start 2026.03.14 @ 21:05:40 End 2026.04.04 @ 01:23:11 Sessions 13 Manual Loads 0 Difficulty Rogue Special Mode None Game No. 126 Rogue 126 Adventurer 0 Explorer 0 Win Type 6 Total 32 Types 10/4/6/2/1/1/2/2/2/2 Lore% 83 Gallery% 77 Achievement% 71 Wizard Run 0 Options --------- Layout 2 ASCII 0 Keyboard 1 Movement Vi Keybinds 0 Fullscreen 2 Font 24/Smallcaps Map View 50x44 Zoom Use 0% Tactical HUD 1 Map Filters NONE Filters NONE Steam X RUN: e9c85ade-7ff1-4325-98da-4b2dadf9bc9d